Workbook
Name __xlnm._FilterDatabase: #N/A
Name __xlnm.Print_Area: #REF!
Name __xlnm.Print_Area: #REF!
Name __xlnm.Print_Area: #REF!
Name __xlnm.Print_Area: #REF!
Name __xlnm.Print_Area: #REF!
Name __xlnm.Print_Area_4: #N/A
Name __xlnm.Print_Area_5: #REF!
Name __xlnm.Print_Area_5: #REF!
Name __xlnm.Print_Area_5: #REF!
Name __xlnm.Print_Area_5: #REF!
Name __xlnm.Print_Area_5: #REF!
Name __xlnm.Print_Area_6: #REF!
Name __xlnm.Print_Area_6: #REF!
Name __xlnm.Print_Area_6: #REF!
Name __xlnm.Print_Area_6: #REF!
Name __xlnm.Print_Area_6: #REF!
Name _fir1: [1]Encabezamiento!$C$39
Name _fir2: [1]Encabezamiento!$C$40
Name _fir3: [1]Encabezamiento!$C$41
Name _pte1: [1]Encabezamiento!$F$45
Name _pte2: [1]Encabezamiento!$F$46
Name _sin1: [2]Encabezamiento!$B$45
Name _sin2: [2]Encabezamiento!$B$46
Name _sin3: [2]Encabezamiento!$B$47
Name _sin4: [2]Encabezamiento!$B$48
Name _soc1: [1]Encabezamiento!$C$45
Name _soc2: [1]Encabezamiento!$C$46
Name _soc3: [1]Encabezamiento!$C$47
Name _soc4: [1]Encabezamiento!$C$48
Name _soc5: [1]Encabezamiento!$C$49
Name Bce_saldos: '[3]Bce Saldos'!$A$7:$F$4006
Name BceSofi: #REF!
Name BceSofi: #REF!
Name BceSofi: #REF!
Name BceSofi: #REF!
Name BceSofi: #REF!
Name BceSofi: #REF!
Name BceSofi: #REF!
Name BceSofi: #REF!
Name BceSofi: #REF!
Name Clave1: '[4]Base Resultados'!$C$2:$C$1184
Name Clave2: [5]BALANCE!$F$3:$F$604
Name Clave3: [5]BALANCE!$H$3:$H$604
Name Conver_Sofi: #REF!
Name Conver_Sofi: #REF!
Name Conver_Sofi: #REF!
Name Conver_Sofi: #REF!
Name Conver_Sofi: #REF!
Name Conver_Sofi: #REF!
Name Conver_Sofi: #REF!
Name Conver_Sofi: #REF!
Name Conver_Sofi: #REF!
Name cuenta: [6]BALANCE!$A$1:$A$305
Name dfg: #REF!
Name dfg: #REF!
Name dfg: #REF!
Name dfg: #REF!
Name dfg: #REF!
Name dfg: #REF!

Sheet SUPV Contact
D30: Investor Relations Contacts:
D31: Ana Bartesaghi
D32: Treasurer and Investor Relations Officer
D33: 5411-4324-8132
D34: Ana.BARTESAGHI@supervielle.com.ar
D36: Gustavo Tewel
D37: 5411-4324-8158
D38: Gustavo.TEWEL@supervielle.com.ar
D40: Nahila Schianmarella
D41: 5411-4324-8135
D42: Nahila.SCHIANMARELLA@supervielle.com.ar
D44: Valeria Kohan
... D49: www.gruposupervielle.com.

Sheet Key Performance Indicators
B3: (In millions of Argentine Ps.) | H3: % Change
B5: INCOME STATEMENT | C5: 4Q18 | D5: 3Q18 | E5: 2Q18 | F5: 1Q18 | G5: 4Q17 | H5: QoQ | I5: YoY | J5: FY18 | K5: FY17 | L5: % Chg.
B6: Net Interest Income | C6: 2023.15 | D6: 2722.878 | E6: 2898.235 | F6: 2818.105 | G6: 2552.684 | H6: -0.25698103 | I6: -0.20744205 | J6: 10462.368 | K6: 8554.207 | L6: 0.22306697
B7: NIFFI & Exchange Rate Differences | C7: 3234.962 | D7: 1663.361 | E7: 716.783 | F7: 805.455 | G7: 807.428 | H7: 0.94483458 | I7: 3.0065021 | J7: 6420.561 | K7: 2445.73 | L7: 1.6252125
B8: Net Financial Income | C8: 5258.112 | D8: 4386.239 | E8: 3615.018 | F8: 3623.56 | G8: 3360.112 | H8: 0.19877462 | I8: 0.56486212 | J8: 16882.929 | K8: 10999.937 | L8: 0.53482052
B9: Net Service Fee Income (excluding income from insurance activities) | C9: 1065.073 | D9: 1026.8506 | E9: 1004.9493 | F9: 884.6111 | G9: 783.697 | H9: 0.037222958 | I9: 0.35903672 | J9: 3981.484 | K9: 3236.973 | L9: 0.23000223
B10: Income from Insurance activities | C10: 180.429 | D10: 183.096 | E10: 145.282 | F10: 148.747 | G10: 148.25 | H10: -0.014566129 | I10: 0.21705902 | J10: 657.554 | K10: 479.011 | L10: 0.37273257
B11: Loan Loss Provisions | C11: -1382.765 | D11: -1122.525 | E11: -989.229 | F11: -726.126 | G11: -606.274 | H11: 0.23183448 | I11: 1.2807592 | J11: -4220.645 | K11: -1928.766 | L11: 1.1882618
B12: Personnel & Administrative Expenses | C12: -3591.212 | D12: -3045.245 | E12: -2760.862 | F12: -2446.47 | G12: -2604.501 | H12: 0.17928508 | I12: 0.37884839 | J12: 11843.789 | K12: 8721.23 | L12: 0.35804112
B13: Profit before income tax | C13: 903.817 | D13: 1027.564 | E13: 456.02 | F13: 1020.449 | G13: 651.442 | H13: -0.12042754 | I13: 0.38740978 | J13: 3407.85 | K13: 2511.778 | L13: 0.35674809
B14: Attributable Net income | C14: 706.832 | D14: 867.388 | E14: 270.715 | F14: 722.634 | G14: 467.606 | H14: -0.18510286 | I14: 0.51159737 | J14: 2567.569 | K14: 1819.841 | L14: 0.41087546
B15: Attributable Comprehensive income | C15: 935.309 | D15: 874.524 | E15: 475.344 | F15: 744.806 | G15: 472.588 | H15: 0.069506383 | I15: 0.97912135 | J15: 3029.982 | K15: 1878.429 | L15: 0.61304047
B16: Earnings per Share (AR$) | C16: 1.55 | D16: 2.01 | E16: 0.59273433 | F16: 1.5822947 | G16: 1.02388
B17: Earnings per ADRs (AR$) | C17: 7.75 | D17: 10.03 | E17: 2.9636717 | F17: 7.9114736 | G17: 5.1194
B18: Average Outstanding Shares (in millions) | C18: 456.7 | D18: 456.7 | E18: 456.7 | F18: 456.7 | G18: 456.7
B19: BALANCE SHEET | C19: dec 18 | D19: sep 18 | E19: jun 18 | F19: mar 18 | G19: dec 17 | H19: QoQ | I19: YoY | J19: dec 18 | K19: dec 17
B20: Total Assets | C20: 141115.54 | D20: 146122.7 | E20: 120788.98 | F20: 96569.645 | G20: 92202.409 | H20: -0.034266838 | I20: 0.53049733
B21: Average Assets1 | C21: 143525.21 | D21: 128633.21 | E21: 104287.2 | F21: 90832.734 | G21: 85498.858 | H21: 0.11577107 | I21: 0.67867985 | J21: 117967.93 | K21: 70857.809
B22: Total Loans & Leasing | C22: 80171.534 | D22: 83378.091 | E22: 75829.981 | F22: 66479.513 | G22: 60692.941 | H22: -0.038458029 | I22: 0.32093671
B23: Total Deposits | C23: 94906.014 | D23: 97185.461 | E23: 75672.65 | F23: 55540.247 | G23: 56408.685 | H23: -0.023454609 | I23: 0.68247166
B24: Attributable Shareholders’ Equity | C24: 17155.555 | D24: 16219.951 | E24: 15345.427 | F24: 15114.224 | G24: 14369.575 | H24: 0.057682295 | I24: 0.19388047
B25: Average Attributable Shareholders’ Equity1 | C25: 16547.001 | D25: 15638.925 | E25: 15044.762 | F25: 14490.099 | G25: 14188.717 | H25: 0.05806514 | I25: 0.16620838 | J25: 15530.025 | K25: 9844.854
B26: KEY INDICATORS | C26: 4Q18 | D26: 3Q18 | E26: 2Q18 | F26: 1Q18 | G26: 4Q17 | J26: FY18 | K26: FY17
B27: Profitability & Efficiency
B28: ROAE | C28: 0.22609753 | D28: 0.2240177 | E28: 0.12638126 | F28: 0.20560383 | G28: 0.13322952 | J28: 0.19510478 | K28: 0.19080324
B29: ROAA | C29: 0.026066752 | D29: 0.027235518 | E29: 0.018232112 | F29: 0.032798969 | G29: 0.022109722 | J29: 0.025684794 | K29: 0.026509851
B30: Net Interest Margin | C30: 0.18458142 | D30: 0.20928592 | E30: 0.19202613 | F30: 0.19607891 | G30: 0.19985947 | J30: 0.19402491 | K30: 0.20123897
B31: Net Financial Margin | C31: 0.20272639 | D31: 0.1819036 | E31: 0.1744194 | F31: 0.1994965 | G31: 0.19956194 | J31: 0.18704497 | K31: 0.20496635
B32: Net Fee Income Ratio | C32: 0.19150921 | D32: 0.21432146 | E32: 0.24250667 | F32: 0.22296045 | G32: 0.22841642 | J32: 0.21554898 | K32: 0.25568919
B33: Cost / Assets | C33: 0.10348646 | D33: 0.097426756 | E33: 0.10882164 | F33: 0.11074889 | G33: 0.12629235 | J33: 0.10340429 | K33: 0.12735876
B34: Efficiency Ratio | C34: 0.618891 | D34: 0.59303047 | E34: 0.66251621 | F34: 0.59014835 | G34: 0.68223094 | J34: 0.61524491 | K34: 0.67023156
B35: Liquidity & Capital
B36: Loans to Total Deposits3 | C36: 0.84474661 | D36: 0.858 | E36: 1.002 | F36: 1.196961 | G36: 1.0759503
B37: Liquidity Coverage Ratio (LCR)4 | C37: 1.734 | D37: 1.3208 | E37: 1.3895 | F37: 1.1693 | G37: 1.1386
B38: Total Equity / Total Assets | C38: 0.12157098 | D38: 0.11100225 | E38: 0.12704327 | F38: 0.15651114 | G38: 0.15584815
B39: Proforma Consolidated Capital / Risk weighted assets 5 | C39: 0.14 | D39: 0.138 | E39: 0.145 | F39: 0.1695 | G39: 0.196
B40: Proforma Consolidated Tier1 Capital / Risk weighted assets 6 | C40: 0.129 | D40: 0.125 | E40: 0.131 | F40: 0.158 | G40: 0.172
B41: Risk Weighted Assets / Total Assets | C41: 0.73004394 | D41: 0.7051402 | E41: 0.78839504 | F41: 0.88118972 | G41: 0.81669658
B42: Asset Quality
B43: NPL Ratio | C43: 0.040693499 | D43: 0.036778021 | E43: 0.036460666 | F43: 0.031683258 | G43: 0.031081668
B44: Allowances as a % of Total Loans | C44: 0.040693506 | D44: 0.034562346 | E44: 0.03276661 | F44: 0.028415372 | G44: 0.026113179
B45: Coverage Ratio | C45: 1 | D45: 0.93975547 | E45: 0.8986838 | F45: 0.89685764 | G45: 0.87960893
B46: Cost of Risk7 | C46: 0.070437689 | D46: 0.059428103 | E46: 0.055821091 | F46: 0.046813625 | G46: 0.04407316 | J46: 0.05805743 | K46: 0.043410575
B47: MACROECONOMIC RATIOS
B48: Retail Price Index (%)8 | C48: 0.115 | D48: 0.141 | E48: 0.088 | F48: 0.067 | G48: 0.061 | J48: 0.476 | K48: 0.248
B49: Avg. Retail Price Index (%) | C49: 0.473 | D49: 0.354 | E49: 0.271 | F49: 0.253 | J49: 0.338
B50: UVA (var) | C50: 0.162 | D50: 0.1 | E50: 0.07518797 | F50: 0.069 | G50: 0.049 | J50: 0.469 | K50: 0.225
B51: Pesos/US$ Exchange Rate | C51: 37.8083 | D51: 40.8967 | E51: 28.8617 | F51: 20.14 | G51: 18.77 | J51: 37.8083 | K51: 18.77
B52: Badlar Interest Rate (eop) | C52: 0.495 | D52: 0.433 | E52: 0.327 | F52: 0.225625 | G52: 0.2325 | J52: 0.495 | K52: 0.2325
B53: Badlar Interest Rate (avg) | C53: 0.502 | D53: 0.371 | E53: 0.273 | F53: 0.22859375 | G53: 0.22477083 | J53: 0.343 | K53: 0.206
B54: TM20 (eop) | C54: 0.517 | D54: 0.441 | E54: 0.339 | F54: 0.225625 | G54: 0.236875 | J54: 0.517 | K54: 0.236875
B55: TM20 (avg) | C55: 0.534 | D55: 0.387 | E55: 0.286 | F55: 0.23428125 | G55: 0.23397917 | J55: 0.36 | K55: 0.214
B56: OPERATING DATA
B57: Active Customers (in millions) | C57: 1.8 | D57: 1.9 | E57: 1.9 | F57: 1.901476 | G57: 1.901476
B58: Access Points9 | C58: 344 | D58: 368 | E58: 368 | F58: 340 | G58: 326
B59: Employees10 | C59: 5307 | D59: 5281 | E59: 5451 | F59: 5406 | G59: 5320 | H59: 0.00492331 | I59: -0.002443609

Sheet INFO BS
B3: (In millions of Argentine Ps.) | H3: % Change
B5: INCOME STATEMENT | C5: 1Q18 | D5: 4Q17 | E5: 3Q17 | F5: 2Q17 | G5: 1Q17 | H5: QoQ | I5: YoY
B6: Interest Income, Net | H6: =+C6/D6-1 -> #DIV/0! | I6: =+C6/G6-1 -> #DIV/0!
B7: Service Fee Income, Net | H7: =+C7/D7-1 -> #DIV/0! | I7: =+C7/G7-1 -> #DIV/0!
B8: Loan Loss Provisions | H8: =+C8/D8-1 -> #DIV/0! | I8: =+C8/G8-1 -> #DIV/0!
B9: Administrative expenses | H9: =+C9/D9-1 -> #DIV/0! | I9: =+C9/G9-1 -> #DIV/0!
B10: Income before Income Tax | H10: =+C10/D10-1 -> #DIV/0! | I10: =+C10/G10-1 -> #DIV/0!
B11: Net Income | H11: =+C11/D11-1 -> #DIV/0! | I11: =+C11/G11-1 -> #DIV/0!
B12: BALANCE SHEET | C12: mar 18 | D12: dec 17 | E12: sep 17 | F12: jun 17 | G12: mar 17 | H12: QoQ | I12: YoY
B13: Total Assets | H13: =+C13/D13-1 -> #DIV/0! | I13: =+C13/G13-1 -> #DIV/0!
B14: Average Assets | H14: =+C14/D14-1 -> #DIV/0! | I14: =+C14/G14-1 -> #DIV/0!
B15: Total Loans & Leasing (before Allowances) | H15: =+C15/D15-1 -> #DIV/0! | I15: =+C15/G15-1 -> #DIV/0!
B16: Securitized Loan Portfolio (before Allowances) | H16: =+C16/D16-1 -> #DIV/0! | I16: =+C16/G16-1 -> #DIV/0!
B17: Total Portfolio | H17: =+C17/D17-1 -> #DIV/0! | I17: =+C17/G17-1 -> #DIV/0!
B18: Total Deposits | H18: =+C18/D18-1 -> #DIV/0! | I18: =+C18/G18-1 -> #DIV/0!
B19: Shareholders’ Equity | H19: =+C19/D19-1 -> #DIV/0! | I19: =+C19/G19-1 -> #DIV/0!
B20: Average Shareholders’ Equity | H20: =+C20/D20-1 -> #DIV/0! | I20: =+C20/G20-1 -> #DIV/0!
B21: KEY INDICATORS | C21: =+C5 -> 1Q18 | D21: =+D5 -> 4Q17 | E21: =+E5 -> 3Q17 | F21: =+F5 -> 2Q17 | G21: =+G5 -> 1Q17
B22: Profitability & Efficiency
B23: ROAE
B24: ROAA
B25: Net Interest Margin
B26: Net Financial Margin
B27: Net Fee Income Ratio
B28: Net Fee Income as a % of Administrative expenses
B29: Efficiency Ratio
B30: Liquidity & Capital
B31: Loans to Total Deposits
B32: Liquidity Coverage Ratio (LCR)
B33: Total Equity / Total Assets
... B42: (1) Total Portfolio: Loans and Leasing before Allowances, Including Securitized Portfolio.

Sheet Key Drivers Balance Sheet
H3: % Change
B5: LOANS | C5: dec 18 | D5: sep 18 | E5: jun 18 | F5: mar 18 | G5: dec 17 | H5: QoQ | I5: YoY
B6: Currency
B7: AR$ Loans (in AR$) | C7: 59040.616 | D7: 58413.746 | E7: 56122.03 | F7: 52337.129 | G7: 48385.339 | H7: 0.010731549 | I7: 0.22021705
B8: as % of Total Loans | C8: 0.73642867 | D8: 0.70058867 | E8: 0.74010344 | F8: 0.78726703 | G8: 0.79721527
B9: Foreign Currency Loans (in u$S) | C9: 558.89627 | D9: 610.42444 | E9: 682.84096 | F9: 702.20377 | G9: 655.55933 | H9: -0.084413661 | I9: -0.14745127
B10: Atomization
B11: Top 10 | C11: 0.129 | D11: 0.121 | E11: 0.097 | F11: 0.088 | G11: 0.095
B12: Top 20 | C12: 0.179 | D12: 0.176 | E12: 0.14 | F12: 0.124 | G12: 0.132
B13: Top 50 | C13: 0.263 | D13: 0.26 | E13: 0.218 | F13: 0.192 | G13: 0.204
B14: Collateralized Loans
B15: SMEs | C15: 0.48 | D15: 0.45 | E15: 0.49 | F15: 0.526 | G15: 0.555
B16: Middle Market | C16: 0.55 | D16: 0.53 | E16: 0.49 | F16: 0.469 | G16: 0.518
B17: Large | C17: 0.3 | D17: 0.21 | E17: 0.14 | F17: 0.131 | G17: 0.159
B18: Average Interest on loans
B19: AR$ Loans | C19: 0.53391899 | D19: 0.42869381 | E19: 0.37685926 | F19: 0.35179823 | G19: 0.35707509
B20: Foreign Trade & Fx | C20: 0.073335974 | D20: 0.059135858 | E20: 0.056030444 | F20: 0.049850863 | G20: 0.049243947
B21: INVESTMENT PORTFOLIO | C21: dec 18 | D21: sep 18 | E21: jun 18 | F21: mar 18 | G21: dec 17 | H21: QoQ | I21: YoY
B22: Securities Issued by the Central Bank | C22: 11305.324 | D22: 12322.464 | E22: 14551.261 | F22: 9087.589 | G22: 9970.495 | H22: -0.082543591 | I22: 0.13387791
B23: Government Securities AR$ | C23: 8012.7567 | D23: 7120.6462 | E23: 2140.7491 | F23: 1773.443 | G23: 1674.463 | H23: 0.12528504 | I23: 3.7852695
B24: Corporate Securities (in AR$) | C24: 115.53287 | D24: 213.92858 | E24: 172.305 | F24: 198.066 | G24: 164.444 | H24: -0.45994654 | I24: -0.29743337
B25: Funding | C25: dec 18 | D25: sep 18 | E25: jun 18 | F25: mar 18 | G25: dec 17
B26: Deposits
B27: AR$Deposits (in AR$) | C27: 63586.52 | D27: 64932.253 | E27: 53550.924 | F27: 40875.047 | G27: 42322.941 | H27: -0.020725186 | I27: 0.5024126
B28: as % of Total Deposits | C28: 0.66999463 | D28: 0.66812723 | E28: 0.7076655 | F28: 0.73595364 | G28: 0.75029122
B29: Foreign Currency Deposits (in u$S) | C29: 828.37615 | D29: 788.65062 | E29: 766.47342 | F29: 728.16286 | G29: 750.27133 | H29: 0.050371514 | I29: 0.1041021
B30: Cost of Funds | C30: 0.22785488 | D30: 0.17020155 | E30: 0.14095946 | F30: 0.10865256 | G30: 0.10323829
B31: AR$ | C31: 0.33768182 | D31: 0.248 | E31: 0.187 | F31: 0.146 | G31: 0.13370364
B32: U$S | C32: 0.01476081 | D32: 0.015 | E32: 0.011 | F32: 0.0090324917 | G32: 0.010744776
B33: Assets & Liabilities Repricing | C33: dec 18 | D33: sep 18 | E33: jun 18 | F33: mar 18 | G33: dec 17
B34: Loans
B35: AR$ Loans. Avg. Repricing (Days) | C35: 235 | D35: 244 | E35: 243 | F35: 234.44187
B36: % of AR$ Assets | C36: 0.54 | D36: 0.53 | E36: 0.5858172 | F36: 0.63017824
B37: U$S Loans. Avg. Repricing (Days) | C37: 364 | D37: 363 | E37: 342 | F37: 421.39567
B38: % of U$S Assets | C38: 0.46 | D38: 0.52 | E38: 0.5929353 | F38: 0.63833599
B39: Total AR$ Assets. Avg. Repricing (Days) | C39: 185 | D39: 198 | E39: 200 | F39: 186.37396
B40: % of Total Assets | C40: 0.7 | D40: 0.69 | E40: 0.741 | F40: 0.781
B41: Total U$S Assets. Avg. Repricing (Days) | C41: 273 | D41: 304 | E41: 289 | F41: 457.71311
B42: % of Total Assets | C42: 0.3 | D42: 0.31 | E42: 0.259 | F42: 0.219
B43: Deposits
B44: AR$ Deposits. Avg. Repricing (Days) | C44: 25 | D44: 16 | E44: 27 | F44: 36.610717
B45: % of AR$ Liabilities | C45: 0.75 | D45: 0.78 | E45: 0.75272978 | F45: 0.69363283
B46: U$S Deposits. Avg. Repricing (Days) | C46: 29 | D46: 35 | E46: 32 | F46: 40.032747
B47: % of U$S Deposits | C47: 0.76 | D47: 0.71 | E47: 0.73371482 | F47: 0.800756
B48: Total AR$ Liabilities. Avg. Repricing (Days) | C48: 43 | D48: 33 | E48: 52 | F48: 44.458895
B49: % of Total Liabilities | C49: 0.672 | D49: 0.674 | E49: 0.714 | F49: 0.775
B50: Total U$S Liabilities. Avg. Repricing (Days) | C50: 113 | D50: 126 | E50: 139 | F50: 180.53816
B51: % of Total Liabilities | C51: 0.328 | D51: 0.326 | E51: 0.286 | F51: 0.225

Sheet Cons. Income St
B2: Income Statement | H2: % Change
B3: (In millions of Argentine Ps.) | C3: 4Q18 | D3: 3Q18 | E3: 2Q18 | F3: 1Q18 | G3: 4Q17 | H3: QoQ | I3: YoY
B4: Argentine Banking GAAP:
B5: Interest income | C5: 8394.78 | D5: 6835.949 | E5: 5568.929 | F5: 4616.81 | G5: 4110.283 | H5: 0.22803432 | I5: 1.0423849
B6: Interest expenses | C6: -6371.63 | D6: -4113.071 | E6: -2670.694 | F6: -1798.705 | G6: -1557.599 | H6: 0.54911744 | I6: 3.0906742
B7: Net interest income | C7: 2023.15 | D7: 2722.878 | E7: 2898.235 | F7: 2818.105 | G7: 2552.684 | H7: -0.25698103 | I7: -0.20744205
B8: Net income from financial instruments at fair value through profit or loss | C8: 2700.149 | D8: 2737.411 | E8: -509.279 | F8: 656.522 | G8: 691.271 | H8: -0.013612132 | I8: 2.9060643
B9: Gain / Loss from derecognition of financial instruments at amortized cost | D9: 0 | E9: 0 | F9: 0 | G9: 0 | H9: #DIV/0! | I9: -
B10: Exchange rate differences on gold and foreign currency | C10: 534.813 | D10: -1074.05 | E10: 1226.062 | F10: 148.933 | G10: 116.157 | H10: NA | I10: 3.6042253
B11: NIFFI & Exchange Rate Differences | C11: 3234.962 | D11: 1663.361 | E11: 716.783 | F11: 805.455 | G11: 807.428 | H11: 0.94483458 | I11: 3.0065021
B12: Net Financial Income | C12: 5258.112 | D12: 4386.239 | E12: 3615.018 | F12: 3623.56 | G12: 3360.112 | H12: 0.19877462 | I12: 0.56486212
B13: Fee income | C13: 1387.82 | D13: 1319.0306 | E13: 1262.4163 | F13: 1152.7231 | G13: 1026.806 | H13: 0.052151494 | I13: 0.3515893
B14: Fee expenses | C14: -322.747 | D14: -292.18 | E14: -257.467 | F14: -268.112 | G14: -243.109 | H14: 0.10461702 | I14: 0.32758146
B15: Income from insurance activities | C15: 180.429 | D15: 183.096 | E15: 145.282 | F15: 148.747 | G15: 148.25 | H15: -0.014566129 | I15: 0.21705902
B16: Net Service Fee Income | C16: 1245.502 | D16: 1209.9466 | E16: 1150.2313 | F16: 1033.3581 | G16: 931.947 | H16: 0.029385939 | I16: 0.33645154
B17: Other operating income | C17: 539.39 | D17: 553.09142 | E17: 442.32468 | F17: 317.4999 | G17: 410.212 | H17: -0.024772426 | I17: 0.31490546
B18: Loan loss provisions | C18: -1382.765 | D18: -1122.525 | E18: -989.229 | F18: -726.126 | G18: -606.274 | H18: 0.23183448 | I18: 1.2807592
B19: Net Operating Revenue | C19: 5660.239 | D19: 5026.752 | E19: 4218.345 | F19: 4248.292 | G19: 4095.997 | H19: 0.12602313 | I19: 0.3818953
B20: Personnel expenses | C20: -2273.426 | D20: -1865.677 | E20: -1585.226 | F20: -1520.297 | G20: -1605.766 | H20: 0.21855284 | I20: 0.4157891
B21: Administrative expenses | C21: -1317.786 | D21: -1179.568 | E21: -1175.636 | F21: -926.173 | G21: -998.735 | H21: 0.1171768 | I21: 0.31945511
B22: Depreciation & Amortization | C22: -122.017 | D22: -87.834 | E22: -76.314 | F22: -68.436 | G22: -94.962 | H22: 0.38917731 | I22: 0.28490344
... B24: Operating income | C24: 903.817 | D24: 1027.564 | E24: 456.02 | F24: 1020.449 | G24: 651.442 | H24: -0.12042754 | I24: 0.38740978
B25: Profit of Associated companies and Joint ventures | C25: 0 | D25: 0 | E25: 0 | F25: 0 | G25: 0 | H25: - | I25: -
B26: Profit before income tax | C26: 903.817 | D26: 1027.564 | E26: 456.02 | F26: 1020.449 | G26: 651.442 | H26: -0.12042754 | I26: 0.38740978
B27: Income tax expense from continuing operations | C27: 0 | D27: 0 | E27: 0 | F27: 0 | G27: 0 | H27: - | I27: -
B28: Profit from continuing operations | C28: 903.817 | D28: 1027.564 | E28: 456.02 | F28: 1020.449 | G28: 651.442 | H28: -0.12042754 | I28: 0.38740978
B29: Profit/(loss) from discontinued operations | C29: 0 | D29: 0 | E29: 0 | F29: 0 | G29: 0 | H29: - | I29: -
B30: Income tax expense | C30: -220.804 | D30: -155.942 | E30: -155.563 | F30: -282.666 | G30: -176.35 | H30: 0.41593669 | I30: 0.25207825
B31: Net income | C31: 683.013 | D31: 871.622 | E31: 300.457 | F31: 737.783 | G31: 475.093 | H31: -0.21638853 | I31: 0.43764063
B32: Attributable to owners of the parent company | C32: 706.832 | D32: 867.388 | E32: 270.715 | F32: 722.634 | G32: 467.605 | H32: -0.18510286 | I32: 0.5116006
B33: Attributable to non-controlling interests | C33: -23.819 | D33: 4.234 | E33: 29.742 | F33: 15.149 | G33: 7.487 | H33: -6.6256495 | I33: -4.1813811
B34: Other comprehensive income, net of tax | C34: 228.719 | D34: 7.142 | E34: 204.821 | F34: 22.208 | G34: 5.03 | H34: - | I34: -
B35: Comprehensive income | C35: 911.732 | D35: 878.764 | E35: 505.278 | F35: 759.991 | G35: 480.123 | H35: 0.03751633 | I35: 0.89895506
B36: Attributable to owners of the parent company | C36: 935.309 | D36: 874.524 | E36: 475.344 | F36: 744.806 | G36: 472.588 | H36: 0.069506383 | I36: 0.97912135
B37: Attributable to non-controlling interests | C37: -23.577 | D37: 4.24 | E37: 29.934 | F37: 15.185 | G37: 7.535 | H37: - | I37: -
B38: ROAE | C38: 0.226 | D38: 0.224 | E38: 0.126 | F38: 0.206 | G38: 0.133
B39: ROAA | C39: 0.026 | D39: 0.027 | E39: 0.018 | F39: 0.033 | G39: 0.022

Sheet Key Indicators Acumulados
A1: Sociedad: | B1: Grupo Supervielle S.A.
A2: Fecha: | B2: 42664
A3: Responsable: | B3: Bibiana Rey
B5: SUPV. – Key Indicators | C5: 1Q18 | D5: 12M17 | E5: 9M17 | F5: 6M17 | G5: 3M17 | H5: 2016 | I5: 9M 2016 | J5: 6M 2016 | K5: 3M 2016 | L5: 2015 | M5: 9M 2015 | N5: 6M 2015 | O5: 3M 2015 | P5: 2014 | Q5: 2013 | R5: 2012 | S5: 2011
B8: Profitability & Efficiency
B9: ROAE | C9: =+'[8]Key Indicators Acumulados'!C10 -> 0.20560383
B10: ROAA | C10: =+'[8]Key Indicators Acumulados'!C11 -> 0.032798969
B11: Net Interest Margin | C11: =+'[8]Key Indicators Acumulados'!C12 -> 0.19607891
B12: NFM | C12: =+'[8]Key Indicators Acumulados'!C13 -> 0.1994965
B13: Net Fee Income Ratio | C13: =+'[8]Key Indicators Acumulados'!C14 -> 0.22296045 | D13: =+'[8]Key Indicators Acumulados'!D14 -> 0.25568919 | E13: =+'[8]Key Indicators Acumulados'!E14 -> 0.26708306 | F13: =+'[8]Key Indicators Acumulados'!F14 -> 0.27565435 | G13: =+'[8]Key Indicators Acumulados'!G14 -> 0.27303058
B14: Net Fee Income as a % of Administrative Expenses | C14: =+'[8]Key Indicators Acumulados'!C15 -> 0.41342659 | D14: =+'[8]Key Indicators Acumulados'!D15 -> 0.41872773 | E14: =+'[8]Key Indicators Acumulados'!E15 -> 0.44017091 | F14: =+'[8]Key Indicators Acumulados'!F15 -> 0.44285412 | G14: =+'[8]Key Indicators Acumulados'!G15 -> 0.42358318
B15: Efficiency Ratio (cost/income) | C15: =+'[8]Key Indicators Acumulados'!C16 -> 0.59014835 | D15: =+'[8]Key Indicators Acumulados'!D16 -> 0.67023156 | E15: =+'[8]Key Indicators Acumulados'!E16 -> 0.66523779 | F15: =+'[8]Key Indicators Acumulados'!F16 -> 0.68217183 | G15: =+'[8]Key Indicators Acumulados'!G16 -> 0.71070951
B16: Cost/assets | C16: =+'[8]Key Indicators Acumulados'!C17 -> 0.11074889
B18: Liquidity & Capital
B19: Loans to Total Deposits | C19: =+'[8]Key Indicators Acumulados'!C20 -> 1.196961 | D19: =+'[8]Key Indicators Acumulados'!D20 -> 1.0759503 | E19: =+'[8]Key Indicators Acumulados'!E20 -> 1.1268455 | F19: =+'[8]Key Indicators Acumulados'!F20 -> 1.0401526 | G19: =+'[8]Key Indicators Acumulados'!G20 -> 1.0600699
B20: Total Equity as a % of Total Assets | C20: =+'[8]Key Indicators Acumulados'!C21 -> 0.68841003 | D20: =+'[8]Key Indicators Acumulados'!D21 -> 0.65825765 | E20: =+'[8]Key Indicators Acumulados'!E21 -> 0.65173495 | F20: =+'[8]Key Indicators Acumulados'!F21 -> 0.63911351 | G20: =+'[8]Key Indicators Acumulados'!G21 -> 0.65157238
B21: Regulatory Capital/ Risk Weighted Assets | C21: =+'[8]Key Indicators Acumulados'!C24 -> 0.11587129 | D21: =+'[8]Key Indicators Acumulados'!D24 -> 0.13851222 | E21: =+'[8]Key Indicators Acumulados'!E24 -> 0.11041494 | F21: =+'[8]Key Indicators Acumulados'!F24 -> 0.11740357 | G21: =+'[8]Key Indicators Acumulados'!G24 -> 0.12265044
B22: Tier 1 Capital / Credit risk weighted assets | C22: =+'[8]Key Indicators Acumulados'!C25 -> 0.13501816 | D22: =+'[8]Key Indicators Acumulados'!D25 -> 0.15617027 | E22: =+'[8]Key Indicators Acumulados'!E25 -> 0.12055787 | F22: =+'[8]Key Indicators Acumulados'!F25 -> 0.12839192 | G22: =+'[8]Key Indicators Acumulados'!G25 -> 0.1348979
B23: Tier 1 Capital / Risk weighted assets | C23: =+'[8]Key Indicators Acumulados'!C26 -> 0.10420772 | D23: =+'[8]Key Indicators Acumulados'!D26 -> 0.12638421 | E23: =+'[8]Key Indicators Acumulados'!E26 -> 0.097543678 | F23: =+'[8]Key Indicators Acumulados'!F26 -> 0.10337749 | G23: =+'[8]Key Indicators Acumulados'!G26 -> 0.10812692
B24: Tier1 Proforma | C24: =+'[8]Key Indicators Acumulados'!C27 -> 0.158 | D24: =+'[8]Key Indicators Acumulados'!D27 -> 0.1838 | E24: =+'[8]Key Indicators Acumulados'!E27 -> 0.1946 | F24: =+'[8]Key Indicators Acumulados'!F27 -> 0.1164 | G24: =+'[8]Key Indicators Acumulados'!G27 -> 0.1199
B25: Total Capital Proforma
B26: LCR Proforma | C26: =+'[8]Key Indicators Acumulados'!C28 -> 1.169 | D26: =+'[8]Key Indicators Acumulados'!D28 -> 1.1386 | E26: =+'[8]Key Indicators Acumulados'!E28 -> 1.2256 | F26: =+'[8]Key Indicators Acumulados'!F28 -> 1.2649 | G26: =+'[8]Key Indicators Acumulados'!G28 -> 1.2594
B27: LCR BS Consolidado | C27: =+'[8]Key Indicators Acumulados'!C29 -> 1.148 | D27: =+'[8]Key Indicators Acumulados'!D29 -> 1.083 | E27: =+'[8]Key Indicators Acumulados'!E29 -> 0.9466 | F27: =+'[8]Key Indicators Acumulados'!F29 -> 1.2117 | G27: =+'[8]Key Indicators Acumulados'!G29 -> 1.216
B28: RWA/Total Assets | C28: =+'[8]Key Indicators Acumulados'!C30 -> 0.88118972 | D28: =+'[8]Key Indicators Acumulados'!D30 -> 0.81669658 | E28: =+'[8]Key Indicators Acumulados'!E30 -> 0.82459248 | F28: =+'[8]Key Indicators Acumulados'!F30 -> 0.85012022 | G28: =+'[8]Key Indicators Acumulados'!G30 -> 0.84766531
B30: Asset Quality
B31: NPL as a percentage of Total Loans | C31: =+'[8]Key Indicators Acumulados'!C32 -> 0.031683258 | D31: =+'[8]Key Indicators Acumulados'!D32 -> 0.031081668 | E31: =+'[8]Key Indicators Acumulados'!E32 -> 0.031079122 | F31: =+'[8]Key Indicators Acumulados'!F32 -> 0.030278082 | G31: =+'[8]Key Indicators Acumulados'!G32 -> 0.030638382
B32: Allowances as a % of Total Loans | C32: =+'[8]Key Indicators Acumulados'!C33 -> 0.028415372 | D32: =+'[8]Key Indicators Acumulados'!D33 -> 0.026113179 | E32: =+'[8]Key Indicators Acumulados'!E33 -> 0.025246711 | F32: =+'[8]Key Indicators Acumulados'!F33 -> 0.025548832 | G32: =+'[8]Key Indicators Acumulados'!G33 -> 0.025293229
B33: Cost of risk | C33: =+'[8]Key Indicators Acumulados'!$C$34 -> 0.046813625
B34: Coverage Ratio | C34: =+'[8]Key Indicators Acumulados'!C36 -> 0.89685764 | D34: =+'[8]Key Indicators Acumulados'!D36 -> 0.87960893 | E34: =+'[8]Key Indicators Acumulados'!E36 -> 0.85165301 | F34: =+'[8]Key Indicators Acumulados'!F36 -> 0.85860634 | G34: =+'[8]Key Indicators Acumulados'!G36 -> 0.85161963
B36: NIM full measured

Sheet Net Financial Income
B2: Net Financial Income | C2: 4Q18 | D2: 3Q18 | E2: 2Q18 | F2: 1Q18 | G2: 4Q17 | H2: QoQ | I2: YoY
B3: Net Interest Income | C3: 2023.15 | D3: 2722.878 | E3: 2898.235 | F3: 2818.105 | G3: 2552.684 | H3: -0.25698103 | I3: -0.20744205
B4: NIFFI & Exchange rate differences | C4: 3234.962 | D4: 1663.361 | E4: 716.783 | F4: 805.455 | G4: 807.428 | H4: 0.94483458 | I4: 3.0065021
B5: Net Financial Income | C5: 5258.112 | D5: 4386.239 | E5: 3615.018 | F5: 3623.56 | G5: 3360.112 | H5: 0.19877462 | I5: 0.56486212
B8: Interest Income | H8: % Change
B9: (In millions of Argentine Ps.) | C9: 4Q18 | D9: 3Q18 | E9: 2Q18 | F9: 1Q18 | G9: 4Q17 | H9: QoQ | I9: YoY
B10: Interest on/from:
B11: - Cash and Due from banks | C11: 1.8944578 | D11: 2.7895741 | E11: 2.6123966 | F11: 0.00031239 | G11: 3.595e-05 | H11: -0.32087919 | I11: -
B12: - Loans to the financial sector | C12: 30.694 | D12: 84.088 | E12: 40.169 | F12: 34.844 | G12: 21.511 | H12: -0.63497764 | I12: 0.42689787
B13: - Overdrafts | C13: 1082.14 | D13: 741.588 | E13: 520.236 | F13: 413.301 | G13: 379.313 | H13: 0.45921994 | I13: 1.8528946
B14: - Promissory notes | C14: 1152.857 | D14: 884.721 | E14: 754.261 | F14: 635.04 | G14: 575.043 | H14: 0.30307408 | I14: 1.0048188
B15: - Mortgage loans | C15: 807.096 | D15: 466.77 | E15: 286.258 | F15: 152.744 | G15: 67.483 | H15: 0.72910855 | I15: 10.95999
B16: - Automobile and other secured loans | C16: 93.050929 | D16: 117.19403 | E16: 163.30178 | F16: 19.566 | G16: 13.409 | H16: -0.20600966 | I16: 5.9394383
B17: - Personal loans | C17: 2387.3496 | D17: 2255.9553 | E17: 2226.6159 | F17: 2072.1393 | G17: 1885.8142 | H17: 0.058243322 | I17: 0.26595164
B18: - Corporate unsecured loans | C18: 1052.851 | D18: 653.804 | E18: 436.522 | F18: 394.236 | G18: 332.338 | H18: 0.61034653 | I18: 2.1680127
B19: - Credit cards loans | C19: 939.22756 | D19: 696.193 | E19: 618.79287 | F19: 576.78508 | G19: 562.65087 | H19: 0.34909078 | I19: 0.66929015
B20: - Foreign trade loans & US loans | C20: 353.942 | D20: 274.978 | E20: 204.343 | F20: 151.684 | G20: 117.705 | H20: 0.28716479 | I20: 2.007026
B21: - Leases | C21: 247.693 | D21: 203.856 | E21: 164.566 | F21: 149.045 | G21: 135.578 | H21: 0.21503905 | I21: 0.82694095
B22: - Other receivables from financial transactions | C22: 0 | D22: 0 | E22: 0 | F22: 0 | G22: 6.1533295 | H22: - | I22: -
B23: - Other | C23: 245.9848 | D23: 454.01232 | E23: 151.25097 | F23: 17.425 | G23: 13.284 | H23: -0.45819796 | I23: NA
B24: Total | C24: 8394.7803 | D24: 6835.9492 | E24: 5568.929 | F24: 4616.8097 | G24: 4110.2824 | H24: 0.22803434 | I24: 1.0423853
B26: Interest Expenses | H26: % Change
B27: (In millions of Argentine Ps.) | C27: 4Q18 | D27: 3Q18 | E27: 2Q18 | F27: 1Q18 | G27: 4Q17 | H27: QoQ | I27: YoY
B28: Interest on:
B29: - Checking and Savings Accounts | C29: 15.066 | D29: 8.8790636 | E29: 5.9727413 | F29: 5.412 | G29: 1.1210772 | H29: 0.69680055 | I29: 12.43886
B30: - Special Checking Accounts | C30: 2277.699 | D30: 1450.189 | E30: 592.606 | F30: 199.606 | G30: 306.495 | H30: 0.57062217 | I30: 6.4314393
B31: - Time Deposits | C31: 2493.325 | D31: 1476.172 | E31: 910.483 | F31: 714.509 | G31: 577.178 | H31: 0.68904775 | I31: 3.3198545
B32: - Other Liabilities from Financial Transactions | C32: 1227.8665 | D32: 989.27004 | E32: 983.67022 | F32: 758.79753 | G32: 536.62991 | H32: 0.2411844 | I32: 1.2881068
B33: - Financing from the Financial Sector | C33: 294.99979 | D33: 140.91045 | E33: 107.46646 | F33: 56.145402 | G33: 59.631313 | H33: 1.0935267 | I33: 3.9470619
B34: - Subordinated Loans and Negotiable Obligations | C34: 23.658 | D34: 20.622 | E34: 15.719 | F34: 12.529 | G34: 23.317 | H34: 0.14722141 | I34: 0.014624523
B35: - Other | C35: 39.016 | D35: 27.028 | E35: 54.777 | F35: 51.706 | G35: 53.226 | H35: 0.44354003 | I35: -0.26697479
B36: Total | C36: 6371.6303 | D36: 4113.0706 | E36: 2670.6944 | F36: 1798.7049 | G36: 1557.5983 | H36: 0.54911768 | I36: 3.0906762
B39: NIFFI & Exchange rate differences on gold and foreign currency | H39: % Change
B40: (In millions of Argentine Ps.) | C40: 4Q18 | D40: 3Q18 | E40: 2Q18 | F40: 1Q18 | G40: 4Q17 | H40: QoQ | I40: YoY
B41: Income from:
B42: - Government and corporate securities | C42: 318.53804 | D42: 704.7969 | E42: 554.58643 | F42: 303.79757 | G42: 230.69667 | H42: -0.54804279 | I42: 0.38076571
B43: - Funding from Government and Corporate Securities | C43: 0 | D43: 0 | E43: 0 | F43: 0 | G43: 7.5680141 | H43: - | I43: -
B44: - Term Operations | C44: -20.523 | D44: 400.856 | E44: -1557.3301 | F44: -74.243 | G44: 1.795 | H44: - | I44: -
B45: - Participation in our securitization trusts | C45: 0 | D45: 0 | E45: 0 | F45: 0 | G45: 6.05 | H45: - | I45: -
B46: - Securities issued by the Central Bank | C46: 2402.1332 | D46: 1631.7582 | E46: 493.46479 | F46: 426.96753 | G46: 445.16098 | H46: 0.47211342 | I46: 4.3961001
B47: Subtotal | C47: 2700.1483 | D47: 2737.4112 | E47: -509.27883 | F47: 656.5221 | G47: 691.27066 | H47: -0.013612458 | I47: 2.9060652
B48: Exchange rate differences on gold and foreign currency | C48: 534.813 | D48: -1074.05 | E48: 1226.062 | F48: 148.933 | G48: 116.157 | H48: - | I48: 3.6042253
B49: Total | C49: 3234.9613 | D49: 1663.3612 | E49: 716.78317 | F49: 805.4551 | G49: 807.42766 | H49: 0.94483396 | I49: 3.0065029
B52: Net Financial Income from U$S operations | C52: 4Q18 | D52: 3Q18 | E52: QoQ
B53: (In millions of Argentine Ps.)
B54: Total Financial Income from U$S Operations | C54: -204.19425 | D54: 1359.2
B55: NIFFI | C55: -97.054 | D55: 980.2
B56: U$S Government Securities 3 | C56: -76.531 | D56: 579.4
B57: Term Operations | C57: -20.523 | D57: 400.9
B58: Interest Income | C58: -107.14025 | D58: 379
B59: U$S Government Securities2 | C59: -107.14025 | D59: 379
B61: Exchange rate differences on gold and foreign currency | C61: 534.813 | D61: -1074.05
B63: Net Financial Income from U$S Operations1 | C63: 330.61875 | D63: 285.15 | E63: 0.15945556

Sheet NIM & NFM
B2: NIM Analysis | C2: 4Q18 | D2: 3Q18 | E2: 2Q18 | F2: 1Q18 | G2: 4Q17 | H2: QoQ (bps) | I2: YoY (bps)
B3: Total NIM | C3: 0.18458142 | D3: 0.20928592 | E3: 0.19202613 | F3: 0.19607891 | G3: 0.19985947 | H3: -247.04498 | I3: -152.78048
B4: AR$ NIM | C4: 0.24080266 | D4: 0.21589049 | E4: 0.20384324 | F4: 0.2270524 | G4: 0.22920835 | H4: 249.12179 | I4: 115.94315
B5: U$S NIM | C5: 0.0095225861 | D5: 0.18849376 | E5: 0.14913089 | F5: 0.084223717 | G5: 0.071334553 | H5: -1789.7117 | I5: -618.11967
B6: Loan Portfolio | C6: 0.17785224 | D6: 0.16562628 | E6: 0.18218275 | F6: 0.19818515 | G6: 0.21030706 | H6: 122.25959 | I6: -324.5482
B7: AR$ NIM | C7: 0.22549484 | D7: 0.21308001 | E7: 0.22330387 | F7: 0.24275899 | G7: 0.25342262 | H7: 124.14833 | I7: -279.27779
B8: U$S NIM | C8: 0.049158317 | D8: 0.03907389 | E8: 0.043615623 | F8: 0.039003695 | G8: 0.035041309 | H8: 100.84428 | I8: 141.17008
B9: Investment Portfolio | C9: 0.20534054 | D9: 0.36872832 | E9: 0.25122696 | F9: 0.18375491 | G9: 0.15269574 | H9: -1633.8778 | I9: 526.44802
B10: AR$ NIM | C10: 0.28209479 | D10: 0.22501986 | E10: 0.10148513 | F10: 0.13547026 | G10: 0.12576303 | H10: 570.74931 | I10: 1563.3176
B11: U$S NIM | C11: -0.20048405 | D11: 1.3516446 | E11: 1.165475 | F11: 0.35924752 | G11: 0.28013206 | H11: - | I11: -
B12: NFM - Net Financial Margin | C12: 4Q18 | D12: 3Q18 | E12: 2Q18 | F12: 1Q18 | G12: 4Q17 | H12: QoQ (bps) | I12: YoY (bps)
B13: Total NFM | C13: 0.2027264 | D13: 0.18190362 | E13: 0.174 | F13: 0.1994965 | G13: 0.2 | H13: 208.22776 | I13: 27.263957
B14: AR$ NFM | C14: 0.23857855 | D14: 0.21659677 | E14: 0.193 | F14: 0.226165 | G14: 0.21 | H14: 219.81777 | I14: 285.78545
B15: U$S NFM | C15: 0.091091807 | D15: 0.072684423 | E15: 0.108 | F15: 0.10318614 | G15: 0.152 | H15: 184.07384 | I15: -609.08193
B17: Average Assets | C17: 4Q18 | D17: 3Q18 | E17: 2Q18 | F17: 1Q18 | G17: 4Q17 | H17: QoQ (bps) | I17: YoY (bps)
B18: Total Interest Earning Assets (IEA) | C18: 1 | D18: 1 | E18: 1 | F18: 1 | G18: 1
B19: AR$ (as % of IEA) | C19: 0.75691272 | D19: 0.759 | E19: 0.7840139 | F19: 0.78314547 | G19: 0.8140991 | H19: -20.872758 | I19: -571.86375
B20: U$S (as % of IEA) | C20: 0.24308728 | D20: 0.241 | E20: 0.2159861 | F20: 0.21685453 | G20: 0.1859009 | H20: 20.872758 | I20: 571.86375
B21: Loan Portfolio (as % of IEA) | C21: 0.75687427 | D21: 0.783 | E21: 0.854 | F21: 0.855 | G21: 0.81699349 | H21: -261.25732 | I21: -601.19222
B22: AR$ (as % of Loan Portfolio) | C22: 0.72981999 | D22: 0.727 | E22: 0.77115296 | F22: 0.784 | G22: 0.80615202 | H22: 28.1999 | I22: -763.32028
B23: U$S (as % of Loan Portfolio) | C23: 0.27018001 | D23: 0.273 | E23: 0.22884704 | F23: 0.216 | G23: 0.19384798 | H23: -28.1999 | I23: 763.32028
B24: Investment Portfolio (as % of IEA) | C24: 0.24265912 | D24: 0.215 | E24: 0.145 | F24: 0.142 | G24: 0.17838985 | H24: 276.59121 | I24: 642.6927
B25: AR$ (as % of Investment Portfolio) | C25: 0.84094981 | D25: 0.872 | E25: 0.861 | F25: 0.786 | G25: 0.84568426 | H25: -310.50187 | I25: -47.344469
B26: U$S (as % of Investment Portfolio) | C26: 0.15905019 | D26: 0.128 | E26: 0.139 | F26: 0.214 | G26: 0.15431574 | H26: 310.50187 | I26: 47.344469
B27: Average Liabilities | C27: 4Q18 | D27: 3Q18 | E27: 2Q18 | F27: 1Q18 | G27: 4Q17 | H27: QoQ (bps) | I27: YoY (bps)
B28: Total Interest Bearing Deposits & Low & Non-Interest Bearing Deposits | C28: 1 | D28: 1 | E28: 1 | F28: 1 | G28: 1 | H28: -1.110223e-12 | I28: -1.110223e-12
B29: AR$ | C29: 0.65989533 | D29: 0.667 | E29: 0.73787269 | F29: 0.73308317 | G29: 0.75163796 | H29: -71.046666 | I29: -917.42627
B30: U$S | C30: 0.34010467 | D30: 0.333 | E30: 0.26212731 | F30: 0.26691683 | G30: 0.24836204 | H30: 71.046666 | I30: 917.42627
B31: Total Interest‑Bearing Liabilities | C31: 0.6609657 | D31: 0.645 | E31: 0.59511577 | F31: 0.55493944 | G31: 0.5594801 | H31: 159.65699 | I31: 1014.856
B32: AR$ | C32: 0.73458209 | D32: 0.739 | E32: 0.82981034 | F32: 0.80810382 | G32: 0.81364988 | H32: -44.179113 | I32: -790.67788
B33: U$S | C33: 0.26541791 | D33: 0.261 | E33: 0.17018966 | F33: 0.19189618 | G33: 0.18635012 | H33: 44.179113 | I33: 790.67788
B34: Low & Non Interest Bearing Deposits | C34: 0.3390343 | D34: 0.355 | E34: 0.40488423 | F34: 0.44506056 | G34: 0.4405199 | H34: -159.65699 | I34: -1014.856
B35: AR$ | C35: 0.51428947 | D35: 0.536 | E35: 0.60287932 | F35: 0.63954103 | G35: 0.67288003 | H35: -217.10534 | I35: -1585.9057
B36: U$S | C36: 0.48571053 | D36: 0.464 | E36: 0.39712068 | F36: 0.36045897 | G36: 0.32711997 | H36: 217.10534 | I36: 1585.9057
B38: Interest Rates | C38: 4Q18 | D38: 3Q18 | E38: 2Q18 | F38: 1Q18 | G38: 4Q17 | H38: QoQ (bps) | I38: YoY (bps)
B39: Interest earned on Loans | C39: 0.42068425 | D39: 0.3377181 | E39: 0.3090272 | F39: 0.29652378 | G39: 0.30358666 | H39: 829.66151 | I39: 1170.9759
B40: AR$ | C40: 0.54980146 | D40: 0.44160122 | E40: 0.384 | F40: 0.36 | G40: 0.35672196 | H40: 1082.0023 | I40: 1930.7949
B41: U$S | C41: 0.071908214 | D41: 0.060676515 | E41: 0.056 | F41: 0.047 | G41: 0.049 | H41: 112.31699 | I41: 229.08214
B42: Yield on Investment Porfolio | C42: 0.4816845 | D42: 0.5708557 | E42: 0.39 | F42: 0.281 | G42: 0.246 | H42: -891.71197 | I42: 2356.845
B43: AR$ | C43: 0.60640141 | D43: 0.45354108 | E43: 0.26108268 | F43: 0.25719714 | G43: 0.237 | H43: 1528.6033 | I43: 3694.0141
B44: U$S | C44: -0.17773416 | D44: 1.3732473 | E44: 1.1771538 | F44: 0.36942614 | G44: 0.293 | H44: NA | I44: NA
B45: Cost of Funds | C45: 0.22785488 | D45: 0.17020155 | E45: 0.14034334 | F45: 0.10865256 | G45: 0.10323829 | H45: 576.53323 | I45: 1246.1659
B46: AR$ | C46: 0.33768182 | D46: 0.24783058 | E46: 0.1861236 | F46: 0.14596848 | G46: 0.14447532 | H46: 898.51236 | I46: 1932.065
B47: U$S | C47: 0.01476081 | D47: 0.014888891 | E47: 0.010557931 | F47: 0.0091368688 | G47: 0.0090324917 | H47: -1.2808093 | I47: 57.28318
B48: Market Interest Rates | C48: 4Q18 | D48: 3Q18 | E48: 2Q18 | F48: 1Q18 | G48: 4Q17 | H48: QoQ (bps) | I48: YoY (bps)
B49: Monetary Policy Rate (eop) | C49: 0.6543 | D49: 0.4802 | E49: 0.3574 | F49: 0.2753 | G49: 0.2793 | H49: 1741 | I49: 3750
B50: Monetary Policy Rate (avg) | C50: 0.5925 | D50: 0.65 | E50: 0.4 | F50: 0.2725 | G50: 0.2875 | H50: -575 | I50: 3050
B51: Badlar Interest Rate (eop) | C51: 0.495 | D51: 0.433 | E51: 0.327 | F51: 0.225625 | G51: 0.2325 | H51: 620 | I51: 2625
B52: Badlar Interest Rate (avg) | C52: 0.502 | D52: 0.371 | E52: 0.273 | F52: 0.22859375 | G52: 0.22477083 | H52: 1310 | I52: 2772.2917
B53: TM20 (eop) | C53: 0.517 | D53: 0.441 | E53: 0.339 | F53: 0.225625 | G53: 0.236875 | H53: 760 | I53: 2801.25
B54: TM20 (avg) | C54: 0.534 | D54: 0.387 | E54: 0.286 | F54: 0.23428125 | G54: 0.23397917 | H54: 1470 | I54: 3000.2083

Sheet Assets & Liabilities avg life
B2: ASSETS | C2: Dec 18 | E2: 43344 | G2: June 18 | I2: March 18
B3: AR$ | C3: Avg. Repricing (days) | D3: % of total AR$ Assets | E3: Avg. Repricing (days) | F3: % of total AR$ Assets | G3: Avg. Repricing (days) | H3: % of total AR$ Assets | I3: Avg. Repricing (days) | J3: % of total AR$ Assets
B4: Total AR$ Assets | C4: 185 | E4: 198 | G4: 200 | I4: 186.37396
B5: Cash | C5: 5 | D5: 0.11 | E5: 7 | F5: 0.14 | G5: 2 | H5: 0.07
B6: Cash (without interest rate risk) | D6: 0.07 | F6: 0.06 | H6: 0.05 | J6: 0.098623255
B7: Government & Corporate Securities | C7: 154 | D7: 0.15 | E7: 189 | F7: 0.17 | G7: 117.11846 | H7: 0.18256258 | I7: 73.556623 | J7: 0.13419759
B8: Total AR$ Loans | C8: 235 | D8: 0.54 | E8: 244 | F8: 0.53 | G8: 243 | H8: 0.58 | I8: 234.44187 | J8: 0.63017824
B9: Prommisory Notes | C9: 60 | D9: 0.07 | E9: 71 | F9: 0.08 | G9: 50.238017 | H9: 0.09 | I9: 59.981003 | J9: 0.12124302
B10: Corporate Unsecured Loans | C10: 128 | D10: 0.07 | E10: 113 | F10: 0.07 | G10: 135.02978 | H10: 0.075887812 | I10: 139.16737 | J10: 0.085383174
B11: Mortgage | C11: 28 | D11: 0.05 | E11: 28 | F11: 0.05 | G11: 30.611111 | H11: 0.047255453 | I11: 27.916736 | J11: 0.036824996
B12: Personal Loans | C12: 524 | D12: 0.19 | E12: 544 | F12: 0.2 | G12: 538.42996 | H12: 0.21040394 | I12: 530.92081 | J12: 0.2188408
B13: Auto Loans | C13: 444 | D13: 0.01 | E13: 464 | F13: 0.01 | G13: 453.74976 | H13: 0.0070510725 | I13: 356.14422 | J13: 0.0055202125
B14: Credit Cards | C14: 107 | D14: 0.09 | E14: 108 | F14: 0.09 | G14: 113 | H14: 0.10195063 | I14: 87.280995 | J14: 0.10976094
B15: Overdraft | C15: 16 | D15: 0.05 | E15: 14 | F15: 0.06 | G15: 20 | H15: 0.05 | I15: 59.931172 | J15: 0.060973747
B16: Other Loans | C16: 99 | D16: 0.01 | E16: 137 | F16: 0 | G16: 106 | H16: 0.01 | I16: 106.15879 | J16: 0.0060733362
B17: Receivable From Financial Leases | C17: 438 | D17: 0.02 | E17: 458 | F17: 0.03 | G17: 480 | H17: 0.03 | I17: 567.14818 | J17: 0.030902275
B18: Other Assets (without interest rate risk) | D18: 0.06 | F18: 0.04 | H18: 0.05 | J18: 0.048612679
B19: U$S | C19: Avg. Repricing (days) | D19: % of total U$S Assets | E19: Avg. Repricing (days) | F19: % of total U$S Assets | G19: Avg. Repricing (days) | H19: % of total U$S Assets | I19: Avg. Repricing (days) | J19: % of total U$S Assets
B20: Total U$S Assets | C20: 273 | E20: 304 | G20: 289 | I20: 457.71311
B21: Cash | C21: 5 | D21: 0.15 | E21: 3 | F21: 0.14 | G21: 2 | H21: 0.15
B22: Cash (without interest rate risk) | D22: 0.22 | F22: 0.2 | H22: 0.14 | J22: 0.23798919
B23: Government & Corporate Securities | C23: 161 | D23: 0.09 | E23: 425 | F23: 0.05 | G23: 232 | H23: 0.02 | I23: 656.471 | J23: 0.067341692
B24: Total U$S Loans | C24: 364 | D24: 0.46 | E24: 363 | F24: 0.52 | G24: 342 | H24: 0.59 | I24: 421.39567 | J24: 0.63833599
B25: Receivable From Financial Leases | C25: 662 | D25: 0.03 | E25: 695 | F25: 0.03 | G25: 720 | H25: 0.03 | I25: 768.51273 | J25: 0.021999955
B26: Other Assets (without interest rate risk) | D26: 0.03 | F26: 0.04 | H26: 0.06 | J26: 0.039376644
B27: LIABILITIES
B28: AR$ | C28: Avg. Repricing (days) | D28: % of total u$s Liabilities | E28: Avg. Repricing (days) | F28: % of total AR$ Liabilities | G28: Avg. Repricing (days) | H28: % of total AR$ Liabilities | I28: Avg. Repricing (days) | J28: % of total AR$ Liabilities
B29: Total AR$ Liabilities | C29: 43 | E29: 33 | G29: 52 | I29: 44.458895
B30: Deposits | C30: 25 | D30: 0.75 | E30: 16 | F30: 0.78 | G30: 27 | H30: 0.75 | I30: 36.610717 | J30: 0.69363283
B31: Private Sector Deposits | C31: 25 | D31: 0.72 | E31: 16 | F31: 0.74 | G31: 28 | H31: 0.71 | I31: 37.586725 | J31: 0.66073691
B32: Checking Accounts (without interest rate risk) | D32: 0.29 | F32: 0.26 | H32: 0.31 | J32: 0.2971292
B33: Special Checking Accounts | C33: 5 | D33: 0.17 | E33: 3 | F33: 0.27 | G33: 2 | H33: 0.16 | I33: 3 | J33: 0.095799359
B34: Time Deposits | C34: 37 | D34: 0.28 | E34: 33 | F34: 0.21 | G34: 45 | H34: 0.24 | I34: 49.958954 | J34: 0.26780836
B35: Public Sector Deposits | C35: 18 | D35: 0.04 | E35: 11 | F35: 0.04 | G35: 12 | H35: 0.04 | I35: 17.373218 | J35: 0.032057581
B36: Other Sources of funding | C36: 81 | D36: 0.2 | E36: 98 | F36: 0.18 | G36: 101 | H36: 0.21 | I36: 66.338203 | J36: 0.24880831
B37: Other Liabilities (without interest rate risk) | D37: 0.04 | F37: 0.03 | H37: 0.04 | J37: 0.057558856
B38: U$S | C38: Avg. Repricing (days) | D38: % of total u$s Liabilities | E38: Avg. Repricing (days) | F38: % of total u$s Liabilities | G38: Avg. Repricing (days) | H38: % of total u$s Liabilities | I38: Avg. Repricing (days) | J38: % of total u$s Liabilities
B39: Total U$S$ Liabilities | C39: 113 | E39: 126 | G39: 139 | I39: 180.53816
B40: Deposits | C40: 29 | D40: 0.76 | E40: 35 | F40: 0.71 | G40: 32 | H40: 0.71 | I40: 40.032747 | J40: 0.800756
B41: Private Sector Deposits | C41: 29 | D41: 0.57 | E41: 35 | F41: 0.53 | G41: 32 | H41: 0.52 | I41: 40.049724 | J41: 0.57717016
B42: Checking Accounts (without interest rate risk) | D42: 0.38 | F42: 0.38 | H42: 3.38 | J42: 0.44634897
B43: Special Checking Accounts | C43: 5 | D43: 0.07 | E43: 3 | F43: 0.03 | G43: 2 | H43: 0.04 | I43: 3 | J43: 0.023053764
B44: Time Deposits | C44: 43 | D44: 0.12 | E44: 42 | F44: 0.12 | G44: 43 | H44: 0.1 | I44: 47.975455 | J44: 0.10776742
B45: Public Sector Deposits | C45: 21 | D45: 0.19 | E45: 20 | F45: 0.19 | G45: 15 | H45: 0.19 | I45: 15.424567 | J45: 0.22358584
B46: Other Sources of funding | D46: 0 | E46: 82 | F46: 0.24 | G46: 87 | H46: 0.22 | I46: 76.167031 | J46: 0.15446265
B47: Subordinated Negotiable Obligations | C47: 771 | D47: 0.03 | E47: 862 | F47: 0.02 | G47: 952 | H47: 0.03 | I47: 1043.1582 | J47: 0.040012063

Sheet Fx Position
B3: Consolidated Balance Sheet Data | C3: dec 18 | D3: nov 18 | E3: oct 18 | F3: sep 18 | G3: jun 18 | H3: 43160 | I3: 43132 | J3: jan 18
B4: (In millions of US$)
B5: Assets
B6: Cash and due from banks | C6: 432667.84 | D6: 369227.19 | E6: 421725 | F6: 385131 | G6: 326765.08 | H6: 238813.75 | I6: 294603.34 | J6: 204259.07
B7: Secuities at fair value through profit or loss | C7: 102320.85 | D7: 101932.47 | E7: 53328 | F7: 56628.955 | G7: 22457.167 | H7: 69803.981 | I7: 73607.092 | J7: 135207.02
B8: Loans | C8: 521105.71 | D8: 532412.08 | E8: 545151 | F8: 571210.54 | G8: 641893.14 | H8: 668068.43 | I8: 671378.16 | J8: 668351.61
B9: Other Receivables from Financial Intermediation | C9: 3564.8322 | D9: 13367.995 | E9: 4558 | F9: 3658.6681 | G9: 2884.6282 | H9: 3731.1884 | I9: 9118.7076 | J9: 3152.9162
B10: Other Receivable from Financial Leases | C10: 30339.368 | D10: 30958.807 | E10: 31418 | F10: 31567.268 | G10: 32001.38 | H10: 23214.45 | I10: 17584.129 | J10: 16439.513
B11: Other Assets | C11: 29482.319 | D11: 40208.339 | E11: 44237 | F11: 46024.833 | G11: 64429.721 | H11: 45084.821 | I11: 44842.47 | J11: 35981.918
B12: Other non-financial assets | C12: 37.342506 | D12: 345.30487 | E12: 109 | F12: 197.4732 | G12: 547.19988 | H12: 92.611801 | I12: 259.46661 | J12: 72.765112
B13: Total assets | C13: 1119518.3 | D13: 1088452.2 | E13: 1100533 | F13: 1094418.7 | G13: 1090978.3 | H13: 1048809.2 | I13: 1111393.4 | J13: 1063464.8
B14: Liabilities and shareholders’ equity
B15: Deposits | C15: 844995.56 | D15: 802973.17 | E15: 797123 | F15: 797419.71 | G15: 766473.43 | H15: 728043.53 | I15: 733986.75 | J15: 742618.14
B16: Other financial liabilities | C16: 215011.23 | D16: 252662.57 | E16: 260578 | F16: 260997.05 | G16: 237677.95 | H16: 141174.54 | I16: 142935.82 | J16: 132584.43
B17: Other Liabilities | C17: 13616 | D17: 13734.019 | E17: 13025 | F17: 14057.76 | G17: 17284.34 | H17: 5771.8048 | I17: 6037.8001 | J17: 5534.9471
B18: Subordinated Notes | C18: 36601 | D18: 36383 | E18: 36650 | F18: 36439.284 | G18: 36566.302 | H18: 36374.164 | I18: 36157.518 | J18: 36753.791
B19: Total liabilities | C19: 1110223 | D19: 1105752.8 | E19: 1107376 | F19: 1108913.8 | G19: 1058002 | H19: 911364.04 | I19: 919117.89 | J19: 917491.31
B20: Net Position on Balance | C20: 9295 | D20: -17301 | E20: -6843 | F20: -14495.059 | G20: 32976.292 | H20: 137445.19 | I20: 192275.47 | J20: 145973.49
B21: Net Derivatives Position | C21: -19239 | D21: 6674 | E21: -3352 | F21: 7877 | G21: -21872.397 | H21: -211536.97 | I21: -237632.4 | J21: -141089.4
B22: Global Net Position | C22: -9944 | D22: -10627 | E22: -10195 | F22: -6618.0594 | G22: 11103.895 | H22: -74091.777 | I22: -45356.927 | J22: 4884.0952

Sheet Earning Assets
B2: Interest Earning Assets | C2: 4Q18 | E2: 3Q18 | G2: 2Q18 | I2: 1Q18 | K2: 4Q17
B3: (In millions of Argentine Ps.) | C3: Avg. Balance | D3: Avg. Rate | E3: Avg. Balance | F3: Avg. Rate | G3: Avg. Balance | H3: Avg. Rate | I3: Avg. Balance | J3: Avg. Rate | K3: Avg. Balance | L3: Avg. Rate
B4: Investment Portfolio
B5: Government and Corporate Securities1 | C5: 10113.074 | D5: 0.2159001 | E5: 6567.2797 | F5: 0.65878616 | G5: 3721.147 | H5: 0.60770465 | I5: 3778.9939 | J5: 0.31998026 | K5: 4912.7043 | L5: 0.22272887
B6: Securities Issued by the Central Bank 2 | C6: 15062.313 | D6: 0.66013633 | E6: 14183.731 | F6: 0.53014258 | G6: 8354.5814 | H6: 0.29246589 | I6: 6616.711 | J6: 0.25907466 | K6: 7101.8122 | L6: 0.26205617
B7: Total Investment Portfolio | C7: 25175.387 | D7: 0.4816845 | E7: 20751.011 | F7: 0.5708557 | G7: 12075.728 | H7: 0.39 | I7: 10395.705 | J7: 0.28121475 | K7: 12014.516 | L7: 0.24597534
B8: Loans
B9: Loans to the Financial Sector | C9: 619.826 | D9: 0.91807056 | E9: 458.695 | F9: 0.73328028 | G9: 1122.527 | H9: 0.49273826 | I9: 488.411 | J9: 0.285 | K9: 360.074 | L9: 0.23659581
B10: Overdrafts | C10: 5676.951 | D10: 0.76247972 | E10: 4962.373 | F10: 0.59776885 | G10: 5256.528 | H10: 0.39587956 | I10: 4678.813 | J10: 0.35333663 | K10: 4221.898 | L10: 0.35937675
B11: Promissory Notes | C11: 7365.579 | D11: 0.62607814 | E11: 7760.087 | F11: 0.45603664 | G11: 9175.707 | H11: 0.3288078 | I11: 8743.385 | J11: 0.29052364 | K11: 8606.392 | L11: 0.26726322
B12: Mortgage loans | C12: 4961.123 | D12: 0.65073654 | E12: 4226.719 | F12: 0.4417327 | G12: 3223.842 | H12: 0.35517622 | I12: 2066.522 | J12: 0.29565424 | K12: 1101.144 | L12: 0.24513778
B13: Automobile and Other Secured Loans | C13: 1637.3809 | D13: 0.22731652 | E13: 1644.7436 | F13: 0.28501472 | G13: 1137.7556 | H13: 57.4%4 | I13: 345.837 | J13: 0.22630314 | K13: 264.746 | L13: 0.20259418
B14: Retail Banking Personal Loans | C14: 13733.938 | D14: 0.46782295 | E14: 13472.141 | F14: 0.42778919 | G14: 12806.797 | H14: 0.42771275 | I14: 11971.751 | J14: 0.41241238 | K14: 11530.253 | L14: 0.379
B15: Consumer Finance Personal Loans | C15: 5585.2249 | D15: 0.55939504 | E15: 5936.4941 | F15: 0.5492035 | G15: 6057.6063 | H15: 0.56285621 | I15: 5716.3703 | J15: 0.58625642 | K15: 5440.7203 | L15: 0.647
B16: Corporate Unsecured Loans | C16: 7463.214 | D16: 0.56428825 | E16: 6983.35 | F16: 0.37449304 | G16: 6398.479 | H16: 0.2728911 | I16: 6120.522 | J16: 0.25764861 | K16: 4993.021 | L16: 0.26624202
B17: Retail Banking Credit Card Loans | C17: 6184.018 | D17: 0.42811777 | E17: 6019.325 | F17: 0.3230422 | G17: 5710.579 | H17: 0.28573004 | I17: 5386.871 | J17: 0.26992887 | K17: 5010.649 | L17: 0.28152601
B18: Consumer Finance Credit Card Loans | C18: 2510.4687 | D18: 0.44191838 | E18: 2178.2626 | F18: 0.38575514 | G18: 2493.3933 | H18: 0.33828899 | I18: 2449.5362 | J18: 0.34825707 | K18: 1578.4535 | L18: 0.53215091
B19: Receivables from Financial Leases | C19: 3481.2 | D19: 0.28460743 | E19: 3313.226 | F19: 0.24611142 | G19: 2914.467 | H19: 0.22586042 | I19: 2602.964 | J19: 0.22903765 | K19: 2356.005 | L19: 0.23018259
B20: Total Loans excl. Foreign trade and U$S loans3 | C20: 59218.923 | D20: 0.53391899 | E20: 56955.416 | F20: 0.42869381 | G20: 56297.681 | H20: 0.37685926 | I20: 50570.983 | J20: 0.35179823 | K20: 45463.356 | L20: 0.35707509
B21: Foreign Trade Loans & U$S loans | C21: 19305.232 | D21: 0.073335974 | E21: 18599.747 | F21: 0.059135858 | G21: 14587.998 | H21: 0.056030444 | I21: 12171.023 | J21: 0.049850863 | K21: 9560.972 | L21: 0.049243947
B22: Total Loans | C22: 78524.155 | D22: 0.42068425 | E22: 75555.163 | F22: 0.3377181 | G22: 70885.68 | H22: 0.311 | I22: 62742.006 | J22: 0.2932249 | K22: 55024.328 | L22: 0.30358666
B23: Securities Issued by the Central Bank in Repo Transaction | C23: 48.41 | D23: 0.62838257 | E23: 145.771 | F23: 0.37003245 | G23: 51.701 | H23: 0.14638015 | I23: 246.798 | J23: 0.2824172 | K23: 310.931 | L23: 0.26669583
B24: Total Interest‑Earning Assets | C24: 103747.95 | D24: 0.436 | E24: 96451.945 | F24: 0.38792498 | G24: 83013.109 | H24: 0.32219045 | I24: 73384.508 | J24: 0.29148718 | K24: 67349.776 | L24: 0.29313907

Sheet IEA Drivers
B2: Yo Y main changes | E2: 4Q18 | F2: 4Q17 | G2: Change
G3: AR$ - bps | H3: %
B4: Overdrafts | C4: Avg. Balance | D4: 1455.053 | E4: 5676.951 | F4: 4221.898 | G4: 1455.053 | H4: 0.34464428
C5: Yield | D5: 4031.0296 | E5: 0.76247972 | F5: 0.35937675 | G5: 4031.0296
B6: Promissory Notes | C6: Avg. Balance | D6: -1240.813 | E6: 7365.579 | F6: 8606.392 | G6: -1240.813 | H6: -0.14417342
C7: Yield | D7: 3588.1492 | E7: 0.62607814 | F7: 0.26726322 | G7: 3588.1492
B8: Mortgage loans | C8: Avg. Balance | D8: 3859.979 | E8: 4961.123 | F8: 1101.144 | G8: 3859.979 | H8: 3.5054262
C9: Yield | D9: 4055.9875 | E9: 0.65073654 | F9: 0.24513778 | G9: 4055.9875
B10: Retail Banking Personal Loans | C10: Avg. Balance | D10: 2203.6842 | E10: 13733.938 | F10: 11530.253 | G10: 2203.6842 | H10: 0.19112192
C11: Yield | D11: 888.22952 | E11: 0.46782295 | F11: 0.379 | G11: 888.22952
B12: Consumer Finance Personal Loans | C12: Avg. Balance | D12: 144.50455 | E12: 5585.2249 | F12: 5440.7203 | G12: 144.50455 | H12: 0.02655982
C13: Yield | D13: -876.04961 | E13: 0.55939504 | F13: 0.647 | G13: -876.04961
B14: Corporate Unsecured Loans | C14: Avg. Balance | D14: 2470.193 | E14: 7463.214 | F14: 4993.021 | G14: 2470.193 | H14: 0.49472914
C15: Yield | D15: 2980.4623 | E15: 0.56428825 | F15: 0.26624202 | G15: 2980.4623
B16: Retail Banking Credit Card Loans | C16: Avg. Balance | D16: 1173.369 | E16: 6184.018 | F16: 5010.649 | G16: 1173.369 | H16: 0.23417506
C17: Yield | D17: 1465.9176 | E17: 0.42811777 | F17: 0.28152601 | G17: 1465.9176
B18: Consumer Finance Credit Card Loans | C18: Avg. Balance | D18: 932.01514 | E18: 2510.4687 | F18: 1578.4535 | G18: 932.01514 | H18: 0.59046093
C19: Yield | D19: -902.32537 | E19: 0.44191838 | F19: 0.53215091 | G19: -902.32537
B20: Receivables from Financial Leases | C20: Avg. Balance | D20: 1125.195 | E20: 3481.2 | F20: 2356.005 | G20: 1125.195 | H20: 0.477586
C21: Yield | D21: 544.24836 | E21: 0.28460743 | F21: 0.23018259 | G21: 544.24836
B22: Foreign Trade Loans & U$S loans | C22: Avg. Balance | D22: 9744.26 | E22: 19305.232 | F22: 9560.972 | G22: 9744.26 | H22: 1.0191704
C23: Yield | D23: 240.92027 | E23: 0.073335974 | F23: 0.049243947 | G23: 240.92027
B26: QoQ main changes | E26: 4Q18 | F26: 3Q18 | G26: Change
G27: AR$ - bps | H27: %
B28: Overdrafts | C28: Avg. Balance | D28: 714.578 | E28: 5676.951 | F28: 4962.373 | G28: 714.578 | H28: 0.14399925
C29: Yield | D29: 1647.1087 | E29: 0.76247972 | F29: 0.59776885 | G29: 1647.1087
B30: Promissory Notes | C30: Avg. Balance | D30: -394.508 | E30: 7365.579 | F30: 7760.087 | G30: -394.508 | H30: -0.05083809
C31: Yield | D31: 1700.415 | E31: 0.62607814 | F31: 0.45603664 | G31: 1700.415
B32: Mortgage loans | C32: Avg. Balance | D32: 734.404 | E32: 4961.123 | F32: 4226.719 | G32: 734.404 | H32: 0.17375274
C33: Yield | D33: 2090.0384 | E33: 0.65073654 | F33: 0.4417327 | G33: 2090.0384
B34: Retail Banking Personal Loans | C34: Avg. Balance | D34: 261.79655 | E34: 13733.938 | F34: 13472.141 | G34: 261.79655 | H34: 0.019432438
C35: Yield | D35: 400.33763 | E35: 0.46782295 | F35: 0.42778919 | G35: 400.33763
B36: Consumer Finance Personal Loans | C36: Avg. Balance | D36: -351.26916 | E36: 5585.2249 | F36: 5936.4941 | G36: -351.26916 | H36: -0.059171146
C37: Yield | D37: 101.9154 | E37: 0.55939504 | F37: 0.5492035 | G37: 101.9154
B38: Corporate Unsecured Loans | C38: Avg. Balance | D38: 479.864 | E38: 7463.214 | F38: 6983.35 | G38: 479.864 | H38: 0.068715445
C39: Yield | D39: 1897.9521 | E39: 0.56428825 | F39: 0.37449304 | G39: 1897.9521
B40: Retail Banking Credit Card Loans | C40: Avg. Balance | D40: 164.693 | E40: 6184.018 | F40: 6019.325 | G40: 164.693 | H40: 0.027360709
C41: Yield | D41: 1050.7557 | E41: 0.42811777 | F41: 0.3230422 | G41: 1050.7557
B42: Consumer Finance Credit Card Loans | C42: Avg. Balance | D42: 332.20607 | E42: 2510.4687 | F42: 2178.2626 | G42: 332.20607 | H42: 0.15250965
C43: Yield | D43: 561.63231 | E43: 0.44191838 | F43: 0.38575514 | G43: 561.63231
B44: Receivables from Financial Leases | C44: Avg. Balance | D44: 167.974 | E44: 3481.2 | F44: 3313.226 | G44: 167.974 | H44: 0.050698021
C45: Yield | D45: 384.96009 | E45: 0.28460743 | F45: 0.24611142 | G45: 384.96009
B46: Foreign Trade Loans & U$S loans | C46: Avg. Balance | D46: 705.485 | E46: 19305.232 | F46: 18599.747 | G46: 705.485 | H46: 0.037929817
C47: Yield | D47: 142.00116 | E47: 0.073335974 | F47: 0.059135858 | G47: 142.00116

Sheet Bearing Liabilities
B2: Interest Bearing Liabilities & Low & Non-Interest Bearing Deposits | C2: 4Q18 | E2: 3Q18 | G2: 2Q18 | I2: 1Q18 | K2: 4Q17
B3: (In millions of Argentine Ps.) | C3: Avg. Balance | D3: Avg. Rate | E3: Avg. Balance | F3: Avg. Rate | G3: Avg. Balance | H3: Avg. Rate | I3: Avg. Balance | J3: Avg. Rate | K3: Avg. Balance | L3: Avg. Rate
B4: Time Deposits | C4: 26774.132 | D4: 0.37251822 | E4: 23546.779 | F4: 0.25440864 | G4: 18203.649 | H4: 0.20006604 | I4: 15752.74 | J4: 0.18143104 | K4: 14245.463 | L4: 0.16988567
B5: AR$ Time Deposits | C5: 22043.562 | D5: 0.44884833 | E5: 19100.97 | F5: 0.30958532 | G5: 15854.081 | H5: 0.22830437 | I5: 13858.446 | J5: 0.20524379 | K5: 12566.069 | L5: 0.19156412
B6: Fx Time Deposits | C6: 4730.57 | D6: 0.016834335 | E6: 4445.809 | F6: 0.017347574 | G6: 2349.568 | H6: 0.0095234528 | I6: 1894.294 | J6: 0.0072195763 | K6: 1679.394 | L6: 0.0076765786
B7: Special Checking Accounts | C7: 27849.766 | D7: 0.32714085 | E7: 21457.285 | F7: 0.2703397 | G7: 10885.074 | H7: 0.21776829 | I7: 6067.855 | J7: 0.13158258 | K7: 7985.7186 | L7: 0.1541006
B8: AR$ Special Checking Accounts | C8: 21567.143 | D8: 0.42136132 | E8: 16863.722 | F8: 0.34248809 | G8: 8350.2229 | H8: 0.28243605 | I8: 3905.124 | J8: 0.20207502 | K8: 5602.1746 | L8: 0.21720208
B9: Fx Special Checking Accounts | C9: 6282.6223 | D9: 0.0036984556 | E9: 4593.5632 | F9: 0.0054711341 | G9: 2534.8512 | H9: 0.0047418958 | I9: 2162.731 | J9: 0.0042982692 | K9: 2383.544 | L9: 0.005789698
B10: Borrowings from Other Fin. Inst. & Medium Term Notes | C10: 19560.618 | D10: 0.3477089 | E10: 19170.121 | F10: 0.27755804 | G10: 16132.645 | H10: 0.29828991 | I10: 13916.349 | J10: 0.24910252 | K10: 10790.012 | L10: 0.23484203
B11: Subordinated Loans and Negotiable Obligations | C11: 1355.546 | D11: 0.069810984 | E11: 1169.808 | F11: 0.070514136 | G11: 854.452 | H11: 0.073586345 | I11: 717.442 | J11: 0.06985373 | K11: 1024.853 | L11: 0.091006222
B12: Total Interest‑Bearing Liabilities | C12: 75540.061 | D12: 0.34393248 | E12: 65343.993 | F12: 0.26313925 | G12: 46075.82 | H12: 0.23629394 | I12: 36454.386 | J12: 0.19664744 | K12: 34046.047 | L12: 0.18439499
B14: Low & Non-Interest Bearing Deposits
B15: Savings Accounts | C15: 21340.819 | D15: 0.0028238842 | E15: 20420.083 | F15: 0.0017392682 | G15: 18136.141 | H15: 0.0013169284 | I15: 17332.135 | J15: 0.0012490094 | K15: 15562.004 | L15: 0.00028531031
B16: AR$ Savings Accounts | C16: 10564.479 | D16: 0.0054037684 | E16: 10632.779 | F16: 0.0030690003 | G16: 10712.953 | H16: 0.002026332 | I16: 11016.046 | J16: 0.0017988305 | K16: 10463.34 | L16: 0.00027983418
B17: Fx Savings Accounts | C17: 10776.339 | D17: 0.00029471976 | E17: 9787.304 | F17: 0.00029466746 | G17: 7423.188 | H17: 0.00029313551 | I17: 6316.089 | J17: 0.00029005291 | K17: 5098.664 | L17: 0.00029654827
B18: Checking Accounts | C18: 17406.535 | E18: 15469.344 | G18: 13195.553 | I18: 11933.872 | K18: 11244.957
B19: AR$ Checking Accounts | C19: 9362.8765 | E19: 8603.545 | G19: 8175.4863 | I19: 7700.7665 | K19: 7574.529
B20: Fx Checking Accounts | C20: 8043.659 | E20: 6865.799 | G20: 5020.067 | I20: 4233.106 | K20: 3670.428
B21: Total Low & Non-Interest Bearing Deposits | C21: 38747.354 | E21: 35889.427 | G21: 31331.694 | I21: 29266.007 | K21: 26806.961
B23: Total Interest‑Bearing Liabilities & Low & Non-Interest Bearing Deposits | C23: 114287.42 | D23: 0.22785488 | E23: 101233.42 | F23: 0.17020155 | G23: 77407.514 | H23: 0.14095946 | I23: 65720.394 | J23: 0.10865256 | K23: 60853.007 | L23: 0.10323829

Sheet IBL Drivers
B3: QoQ main changes | E3: 4Q18 | F3: 3Q18 | G3: Change
G4: AR$ - bps | H4: %
B5: AR$ Time Deposits | C5: Avg. Balance | D5: 2942.592 | E5: 22043.562 | F5: 19100.97 | G5: 2942.592 | H5: 0.15405458
C6: % of Total Liabilities | E6: 0.1928783 | F6: 0.167131
C7: Interest paid | D7: 1392.6301 | E7: 0.44884833 | F7: 0.30958532 | G7: 1392.6301
B8: Fx Time Deposits | C8: Avg. Balance | D8: 284.761 | E8: 4730.57 | F8: 4445.809 | G8: 284.761 | H8: 0.06405156
C9: % of Total Liabilities | E9: 0.041391871 | F9: 0.03890025
C10: Interest paid | D10: -5.1323889 | E10: 0.016834335 | F10: 0.017347574 | G10: -5.1323889
B11: AR$ Special Checking Accounts | C11: Avg. Balance | D11: 4703.4215 | E11: 21567.143 | F11: 16863.722 | G11: 4703.4215 | H11: 0.27890768
C12: % of Total Liabilities | E12: 0.1887097 | F12: 0.14755537
C13: Interest paid | D13: 788.73224 | E13: 0.42136132 | F13: 0.34248809 | G13: 788.73224
B14: Fx Special Checking Accounts | C14: Avg. Balance | D14: 1689.0592 | E14: 6282.6223 | F14: 4593.5632 | G14: 1689.0592 | H14: -
C15: % of Total Liabilities | E15: 0.054972127 | F15: 0.040193079
C16: Interest paid | D16: - | E16: 0.0036984556 | F16: 0.0054711341 | G16: - | H16: -
B17: Borrowings from Other Fin. Inst. & Medium Term Notes | C17: Avg. Balance | D17: 390.49702 | E17: 19560.618 | F17: 19170.121 | G17: 390.49702 | H17: 0.020370087
C18: % of Total Liabilities | E18: 0.17115286 | F18: 0.16773606
C19: Interest paid | D19: 701.50861 | E19: 0.3477089 | F19: 0.27755804 | G19: 701.50861
B20: Savings Accounts | C20: Avg. Balance | D20: 920.736 | E20: 21340.819 | F20: 20420.083 | G20: 920.736 | H20: 0.04508973
C21: % of Total Liabilities | E21: 0.18672938 | F21: 0.17867306
C22: Interest paid | D22: 10.84616 | E22: 0.0028238842 | F22: 0.0017392682 | G22: 10.84616
B23: Checking Accounts | C23: Avg. Balance | D23: 1937.1915 | E23: 17406.535 | F23: 15469.344 | G23: 1937.1915 | H23: 0.12522777
C24: % of Total Liabilities | E24: 0.15230492 | F24: 0.13535475
C25: Interest paid | D25: - | E25: - | F25: - | G25: - | H25: -
B26: Total Interest‑Bearing Liabilities & Low & Non-Interest Bearing Deposits | C26: Avg. Balance | D26: 13053.996 | E26: 114287.42 | F26: 101233.42 | G26: 13053.996 | H26: 0.12894947
B27: Cost of Funds | C27: Interest paid | D27: 576.53323 | E27: 0.22785488 | F27: 0.17020155 | G27: 576.53323
B30: YoY main changes | E30: 4Q18 | F30: 4Q17 | G30: Change
G31: AR$ - bps | H31: %
B32: AR$ Time Deposits | C32: Avg. Balance | D32: 9477.493 | E32: 22043.562 | F32: 12566.069 | G32: 9477.493 | H32: 0.75421303
C33: % of Total Liabilities | E33: 0.1928783 | F33: 0.10995147
C34: Interest paid | D34: 2572.8421 | E34: 0.44884833 | F34: 0.19156412 | G34: 2572.8421
B35: Fx Time Deposits | C35: Avg. Balance | D35: 3051.176 | E35: 4730.57 | F35: 1679.394 | G35: 3051.176 | H35: 1.8168315
C36: % of Total Liabilities | E36: 0.041391871 | F36: 0.014694479
C37: Interest paid | D37: 91.577564 | E37: 0.016834335 | F37: 0.0076765786 | G37: 91.577564
B38: AR$ Special Checking Accounts | C38: Avg. Balance | D38: 15964.969 | E38: 21567.143 | F38: 5602.1746 | G38: 15964.969 | H38: 2.8497807
C39: % of Total Liabilities | E39: 0.1887097 | F39: 0.049018298
C40: Interest paid | D40: 2041.5923 | E40: 0.42136132 | F40: 0.21720208 | G40: 2041.5923
B41: Fx Special Checking Accounts | C41: Avg. Balance | D41: 3899.0783 | E41: 6282.6223 | F41: 2383.544 | G41: 3899.0783 | H41: -
C42: % of Total Liabilities | E42: 0.054972127 | F42: 0.0208557
C43: Interest paid | D43: - | E43: 0.0036984556 | F43: - | G43: - | H43: -
B44: Borrowings from Other Fin. Inst. & Medium Term Notes | C44: Avg. Balance | D44: 8770.6055 | E44: 19560.618 | F44: 10790.012 | G44: 8770.6055 | H44: 0.81284482
C45: % of Total Liabilities | E45: 0.17115286 | F45: 0.094411201
C46: Interest paid | D46: 1128.6687 | E46: 0.3477089 | F46: 0.23484203 | G46: 1128.6687
B47: Savings Accounts | C47: Avg. Balance | D47: 5778.815 | E47: 21340.819 | F47: 15562.004 | G47: 5778.815 | H47: 0.37134133
C48: % of Total Liabilities | E48: 0.18672938 | F48: 0.1361655
C49: Interest paid | D49: 25.385739 | E49: 0.0028238842 | F49: 0.00028531031 | G49: 25.385739
B50: Checking Accounts | C50: Avg. Balance | D50: 6161.5785 | E50: 17406.535 | F50: 11244.957 | G50: 6161.5785 | H50: 0.54794149
C51: % of Total Liabilities | E51: 0.15230492 | F51: 0.098391909
C52: Interest paid | D52: - | E52: - | F52: - | G52: - | H52: -
B53: Total Interest‑Bearing Liabilities & Low & Non-Interest Bearing Deposits | C53: Avg. Balance | D53: 53434.408 | E53: 114287.42 | F53: 60853.007 | G53: 53434.408 | H53: 0.87808985
B54: Cost of Funds | C54: Interest paid | D54: 1246.1659 | E54: 0.22785488 | F54: 0.10323829 | G54: 1246.1659

Sheet Net Service fee Income
B2: Net Service Fee Income | H2: % Change
B3: (In millions of Argentine Ps.) | C3: 4Q18 | D3: 3Q18 | E3: 2Q18 | F3: 1Q18 | G3: 4Q17 | H3: QoQ | I3: YoY
B4: Income from:
B5: Deposit Accounts | C5: 541.225 | D5: 498.781 | E5: 478.497 | F5: 443.765 | G5: 376.347 | H5: 0.085095463 | I5: 0.43810101
B6: Loan Related | C6: 70.032225 | D6: 65.91581 | E6: 63.715528 | F6: 46.702918 | G6: 62.418605 | H6: 0.062449581 | I6: 0.12197676
B7: Comissions for foreign trade transactions | C7: 33.94 | D7: 50.448 | E7: 45.502 | F7: 43.936 | G7: 55.517 | H7: -0.32722804 | I7: -0.38865573
B8: Credit cards commissions | C8: 485.533 | D8: 462.23541 | E8: 452.81359 | F8: 410.808 | G8: 406.68 | H8: 0.05040201 | I8: 0.19389446
B9: Leasing commissions | C9: 31.272 | D9: 29.692769 | E9: 22.594231 | F9: 20.198 | G9: 38.792 | H9: 0.053185718 | I9: -0.1938544
B10: Other | C10: 225.81688 | D10: 211.9581 | E10: 199.29397 | F10: 187.31317 | G10: 87.051962 | H10: 0.065384518 | I10: 1.594047
B11: Total Fee Income | C11: 1387.8191 | D11: 1319.0311 | E11: 1262.4163 | F11: 1152.7231 | G11: 1026.8066 | H11: 0.052150414 | I11: 0.35158768
B13: Expenses:
B14: Commissions paid | C14: -312.40083 | D14: -285.48922 | E14: -252.16888 | F14: -262.90242 | G14: -234.97372 | H14: 0.094264883 | I14: 0.32951393
B15: Exports and foreign currency transactions | C15: -10.347 | D15: -6.69 | E15: -5.298 | F15: -5.21 | G15: -8.135 | H15: 0.54663677 | I15: 0.27191149
B16: Total Fee Expenses | C16: -322.74783 | D16: -292.17922 | E16: -257.46688 | F16: -268.11242 | G16: -243.10872 | H16: 0.1046228 | I16: 0.32758642
B18: Net Services Fee Income | C18: 1065.0713 | D18: 1026.8519 | E18: 1004.9494 | F18: 884.61067 | G18: 783.69785 | H18: 0.037219984 | I18: 0.35903304

Sheet Administrative Expenses
B2: Personnel & Administrative Expenses | H2: % Change
B3: (In millions of Argentine Ps.) | C3: 4Q18 | D3: 3Q18 | E3: 2Q18 | F3: 1Q18 | G3: 4Q17 | H3: QoQ | I3: YoY
B4: Personnel Expenses | C4: 2273.4261 | D4: 1865.6768 | E4: 1585.2263 | F4: 1520.2967 | G4: 1605.7658 | H4: 0.21855303 | I4: 0.41578933
B5: Administrative expenses | C5: 1317.7856 | D5: 1179.5684 | E5: 1175.6354 | F5: 926.17344 | G5: 998.73474 | H5: 0.11717607 | I5: 0.31945508
B6: Directors’ and Statutory Auditors’ Fees | C6: 36.910099 | D6: 42.126063 | E6: 36.126452 | F6: 20.696369 | G6: 33.60549 | H6: -0.12381798 | I6: 0.098335401
B7: Other Professional Fees | C7: 452.20321 | D7: 327.56073 | E7: 324.63031 | F7: 257.57053 | G7: 262.90764 | H7: 0.38051715 | I7: 0.72000787
B8: Advertising and Publicity | C8: 68.806251 | D8: 86.229468 | E8: 116.62115 | F8: 60.602659 | G8: 90.244791 | H8: -0.20205641 | I8: -0.23755986
B9: Taxes | C9: 254.71218 | D9: 210.65 | E9: 224.09353 | F9: 186.07321 | G9: 199.62959 | H9: 0.20917249 | I9: 0.27592398
B10: Other | C10: 505.15388 | D10: 513.00217 | E10: 474.16394 | F10: 401.23067 | G10: 412.34723 | H10: -0.01529875 | I10: 0.22506918
B11: Total Personnel & Administrative Expenses | C11: 3591.2117 | D11: 3045.2452 | E11: 2760.8617 | F11: 2446.4701 | G11: 2604.5005 | H11: 0.1792849 | I11: 0.37884852
B12: Total Employees | C12: 5307 | D12: 5281 | E12: 5451 | F12: 5406 | G12: 5320 | H12: 0.00492331 | I12: -0.002443609
B13: Branches & Sales Points | C13: 344 | D13: 368 | E13: 368 | F13: 340 | G13: 326 | H13: -0.065217391 | I13: 0.055214724
B14: Efficiency Ratio | C14: 0.618891 | D14: 0.593 | E14: 0.663 | F14: 0.59 | G14: 0.682
B19: Other Income, Net and D&A | H19: % Change
B20: (In millions of Argentine Ps.) | C20: 4Q18 | D20: 3Q18 | E20: 2Q18 | F20: 1Q18 | G20: 4Q17 | H20: QoQ | I20: YoY
B21: Other Operating Income | C21: 539.39 | D21: 553.09142 | E21: 442.32468 | F21: 317.4999 | G21: 410.212 | H21: -0.024772426 | I21: 0.31490546
B22: Other Expenses | C22: -1043.193 | D22: -866.109 | E22: -925.149 | F22: -712.937 | G22: -745.092 | H22: 0.20445925 | I22: 0.40008616
B23: Other Operating Income, Net | C23: -503.803 | D23: -313.01758 | E23: -482.82432 | F23: -395.4371 | G23: -334.88 | H23: 0.60950383 | I23: 0.50442845
B24: Depreciation & Amortization | C24: -122.017 | D24: -87.834 | E24: -76.314 | F24: -68.436 | G24: -94.962 | H24: 0.38917731 | I24: 0.28490344
B25: Total | C25: -625.82 | D25: -400.85158 | E25: -559.13832 | F25: -463.8731 | G25: -429.842 | H25: 0.56122621 | I25: 0.45593032

Sheet Assets
B2: Assets Evolution | H2: % Change
C3: dec 18 | D3: sep 18 | E3: jun 18 | F3: mar 18 | G3: dec 17 | H3: QoQ | I3: YoY
B4: Cash and due from banks | C4: 33687.553 | D4: 33822.151 | E4: 19692.684 | F4: 10529.609 | G4: 11097.803 | H4: -0.0039795813 | I4: 2.0355155
B5: Securities Issued by the Central Bank | C5: 11305.324 | D5: 12322.464 | E5: 14551.261 | F5: 9087.589 | G5: 9970.495 | H5: -0.082543591 | I5: 0.13387791
B6: Lebac | C6: 0 | D6: 859.65347 | E6: 14551.261 | F6: 9087.589 | G6: 9970.495 | H6: -1 | I6: -1
B7: Leliq | C7: 11305.324 | D7: 11462.811 | E7: 0 | F7: 0 | G7: 0 | H7: - | I7: -
B8: Government Securities | C8: 8012.7567 | D8: 7120.6462 | E8: 2140.7491 | F8: 1773.443 | G8: 1674.463 | H8: 0.12528504 | I8: 3.7852695
B9: Loans & Leasing | C9: 80171.534 | D9: 83378.091 | E9: 75829.981 | F9: 66479.513 | G9: 60692.941 | H9: -0.038458029 | I9: 0.32093671
B10: Property, Plant & Equipments | C10: 1777.403 | D10: 1410.431 | E10: 1375.406 | F10: 1181.838 | G10: 1174.057 | H10: 0.2601843 | I10: 0.51389839
B11: Other & Intangible | C11: 6160.9703 | D11: 8068.9203 | E11: 7198.8965 | F11: 7517.653 | G11: 7592.6497 | H11: -0.23645666 | I11: -0.18856123
B12: Total Assets | C12: 141115.54 | D12: 146122.7 | E12: 120788.98 | F12: 96569.645 | G12: 92202.409 | H12: -0.034266838 | I12: 0.53049733

Sheet Investment Portfolio
B2: Securities Breakdown 1(AR$ MM) | C2: Dec 18
B3: Held for trading | C3: 15130.17
B4: Government Securities | C4: 3762.4434
B5: Securities Issued by the Central Bank | C5: 11305.324
B6: Corporate Securities | C6: 62.403
B7: Held to maturity | C7: 4173.3839
B8: Government Securities | C8: 4130.69
B9: Corporate Securities | C9: 42.693867
B10: Available for sale | C10: 119.62329
B11: Government Securities | C11: 119.62329
B12: Securities Issued by the Central Bank | C12: 0
B13: Corporate Securities | C13: 10.436
B14: Total | C14: 19423.178
B17: Investment Portfolio (AR$. MM) | C17: Dec 18 | D17: Sep 18 | E17: Jun 18
B18: Securities Issued by the Central Bank | C18: 11305.324 | D18: 12322.464 | E18: 14551.261
B19: AR$ Leliq | C19: 11305.324 | D19: 11462.811 | E19: 0
B20: AR$ Lebac | C20: 0 | D20: 859.65347 | E20: 14551.261
B21: Government Securities | C21: 8012.7567 | D21: 7120.6462 | E21: 2140.7491
B22: AR$ | C22: 4217.5209 | D22: 4803.028 | E22: 1429.5084
B23: U$S | C23: 3795.2357 | D23: 2317.6183 | E23: 711.24069
B24: Corporate Securities | C24: 115.53287 | D24: 213.92858 | E24: 172.305
B25: AR$ | C25: 115.53287 | D25: 213.92858 | E25: 172.305
B26: U$S | C26: 0 | D26: 0 | E26: 0
B27: Total | C27: 19433.614 | D27: 19657.039 | E27: 16864.316
B28: AR$ | C28: 15638.378 | D28: 17339.421 | E28: 1600.7704
B29: U$S | C29: 3795.2357 | D29: 2317.6183 | E29: 15263.545

Sheet Minimum Reserve requirements
B2: Minimum Cash Reserve Requirements on AR$ Deposits (Avg. Balance. AR$ Bn.) | C2: dec 18 | D2: sep 18 | E2: jun 18 | F2: mar 18 | G2: dec 17
B3: Cash | C3: 15330.279 | D3: 12786.44 | E3: 6691.085 | F3: 5062.955 | G3: 5512.165
B4: Treasury Bond (BOTE 2020) | C4: 3032.513 | D4: 2152.578 | E4: 430.56 | F4: 0 | G4: 0
B5: Leliq | C5: 7728.348 | D5: 4082.804 | E5: 0 | F5: 0 | G5: 0
B6: Special Deduction1 | C6: 2043.346 | D6: 1977.004 | E6: 1773.548 | F6: 1593.995 | G6: 1613.383
B7: Total Cash Reserve Requirements | C7: 28134.486 | D7: 20998.826 | E7: 8895.193 | F7: 6656.95 | G7: 7125.548
B9: Minimum Cash Reserve Requirements U$S Deposits (Avg. Balance. U$S MM.) | C9: dec 18 | D9: sep 18 | E9: jun 18 | F9: mar 18 | G9: dec 17
B10: Cash | C10: 332.868 | D10: 266.923 | E10: 197.783 | F10: 179.27 | G10: 226.67
B11: Total Cash Reserve Requirements | C11: 332.868 | D11: 266.923 | E11: 197.783 | F11: 179.27 | G11: 226.67

Sheet Loan Portfolio
B2: Loan & Financial Leases Portfolio | H2: % Change
C3: dec 18 | D3: sep 18 | E3: jun 18 | F3: mar 18 | G3: dec 17 | H3: QoQ | I3: YoY
B5: To the non‑financial public sector | C5: 32.802 | D5: 35.575 | E5: 30.597 | F5: 31.258 | G5: 32.607 | H5: -0.077947997 | I5: 0.005980311
B6: To the financial sector | C6: 428.363 | D6: 450.95 | E6: 462.149 | F6: 579.5 | G6: 419.366 | H6: -0.050087593 | I6: 0.021453814
B7: To the non‑financial private sector and foreign residents (before allowances): | C7: 76309.784 | D7: 79227.982 | E7: 72163.942 | F7: 63155.731 | G7: 57743.325 | H7: -0.036832921 | I7: 0.32153428
B8: Overdrafts | C8: 4740.509 | D8: 5276.191 | E8: 4376.399 | F8: 4298.157 | G8: 3616.843 | H8: -0.10152817 | I8: 0.31067591
B9: Promissory notes | C9: 15671.116 | D9: 16038.47 | E9: 15577.191 | F9: 16293.012 | G9: 15494.647 | H9: -0.022904554 | I9: 0.01138903
B10: Mortgage loans | C10: 5343.792 | D10: 4569.279 | E10: 3879.83 | F10: 2609.504 | G10: 1549.765 | H10: 0.16950442 | I10: 2.4481305
B11: Automobile and other secured loans | C11: 1540.329 | D11: 1628.957 | E11: 1685.345 | F11: 391.175 | G11: 313.724 | H11: -0.05440782 | I11: 3.909822
B12: Personal loans | C12: 19024.837 | D12: 19502.488 | E12: 19159.634 | F12: 18108.957 | G12: 16812.818 | H12: -0.024491798 | I12: 0.13156739
B13: Credit card loans | C13: 9210.204 | D13: 8767.983 | E13: 8700.463 | F13: 8050.178 | G13: 7966.037 | H13: 0.050435887 | I13: 0.15618393
B14: Foreing trade loans & U$S loans | C14: 18896.869 | D14: 22343.801 | E14: 17635.087 | F14: 12467.86 | G14: 11215.752 | H14: -0.15426793 | I14: 0.68485087
B15: Others | C15: 1882.128 | D15: 1100.813 | E15: 1149.993 | F15: 936.888 | G15: 773.7393 | H15: 0.70976179 | I15: 1.4325092
B16: Less: allowances for loan losses | C16: -3272.315 | D16: -2869.823 | E16: -2476.791 | F16: -1915.124 | G16: -1662.1283 | H16: 0.14024976 | I16: 0.96874995
... B23: Total Loan & Financial Leases (before allowances) | C23: 80171.534 | D23: 83378.091 | E23: 75829.981 | F23: 66479.513 | G23: 60692.941 | H23: -0.038458029 | I23: 0.32093671

Sheet Asset Quality
B2: Asset Quality | H2: % Change
B3: (In millions of Argentine Ps.) | C3: dec 18 | D3: sep 18 | E3: jun 18 | F3: mar 18 | G3: dec 17 | H3: QoQ | I3: YoY
B4: Commercial Portfolio | C4: 40021.161 | D4: 44511.073 | E4: 40631.618 | F4: 33653.739 | G4: 29996.33 | H4: -0.1008718 | I4: 0.33420192
B5: Non-Performing | C5: 425.596 | D5: 341.18 | E5: 178.706 | F5: 88.315 | G5: 56.763 | H5: 0.24742365 | I5: 6.4977714
B6: Consumer Lending Portfolio1 | C6: 39045.386 | D6: 37933.591 | E6: 36846.543 | F6: 35252.555 | G6: 32118.771 | H6: 0.029308984 | I6: 0.21565629
B7: Non-Performing | C7: 2928.384 | D7: 2806.747 | E7: 2646.2 | F7: 2094.86 | G7: 1873.878 | H7: 0.043337358 | I7: 0.56273994
B8: Total Portfolio2 | C8: 79066.547 | D8: 82444.664 | E8: 77478.161 | F8: 68906.294 | G8: 62115.101 | H8: -0.040974356 | I8: 0.27290378
B9: Non-Performing | C9: 3353.98 | D9: 3147.927 | E9: 2824.906 | F9: 2183.175 | G9: 1930.641 | H9: 0.065456728 | I9: 0.73723649
B10: Total Non-Performing / Total Portfolio | C10: 0.041 | D10: 0.037 | E10: 0.036460666 | F10: 0.031683258 | G10: 0.031081668
B11: Total Allowances | C11: 3353.98 | D11: 2958.281 | E11: 2538.697 | F11: 1957.288 | G11: 1697.8103 | H11: 0.13375977 | I11: 0.97547394
B12: Coverage Ratio | C12: 1 | D12: 0.93975527 | E12: 0.89868371 | F12: 0.8965328 | G12: 0.87940238
B14: NPL Ratio and Delinquency by Product & Segment | C14: 43435 | D14: 43344 | E14: 43252 | F14: 43160 | G14: 43070
B15: Corporate Segment NPL | C15: 0.010804251 | D15: 0.0078801617 | E15: 0.005004739 | F15: 0.0030919201 | G15: 0.0021692029
B16: Retail Segment NPL | C16: 0.032745602 | D16: 0.032029664 | E16: 0.029851586 | F16: 0.02770195 | G16: 0.028165281
B17: Retail Segment Delinquency | C17: 0.02 | D17: 0.0212 | E17: 0.02 | F17: 0.018 | G17: 0.018
B18: Personal Loans NPL | C18: 0.034684573 | D18: 0.035906303 | E18: 0.032672728 | F18: 0.029048396 | G18: 0.02927539
B19: Personal Loans Delinquency +90 | C19: 0.019 | D19: 0.0209 | E19: 0.02 | F19: 0.016 | G19: 0.017
B20: Credit Card Loans NPL | C20: 0.037875442 | D20: 0.040034282 | E20: 0.038805288 | F20: 0.035005746 | G20: 0.034150297
B21: Credit Card Loans Delinquency +90 | C21: 0.022 | D21: 0.0258 | E21: 0.024 | F21: 0.021 | G21: 0.02
B22: Mortgages NPL | C22: 0.002 | D22: 0 | E22: 0 | F22: 0 | G22: 0
B23: Consumer Finance Segment NPL | C23: 0.19440364 | D23: 0.18530456 | E23: 0.17957422 | F23: 0.15685455 | G23: 0.1471068
B24: Personal Loans NPL | C24: 0.2595736 | D24: 0.24635185 | E24: 0.23086724 | F24: 0.19858777 | G24: 0.18686689
B25: Credit Card Loans NPL | C25: 0.13162535 | D25: 0.11639155 | E25: 0.10930466 | F25: 0.097639819 | G25: 0.090522929
B26: Car Loans NPL | C26: 0.025 | D26: 0.002
B27: Residual Car Loans Mila Portfolio NPL | C27: 0.22302666 | D27: 0.16132807 | E27: 0.12177405
B28: Total NPL | C28: 0.040693499 | D28: 0.037 | E28: 0.036 | F28: 0.031683258 | G28: 0.031081668
B29: NPL Creation | C29: 43435 | D29: 43344 | E29: 43252 | F29: 43160 | G29: 43070 | H29: % Change
B30: Retail Segment | C30: 505.8 | D30: 376.08296 | E30: 314.48219 | F30: 255.50577 | G30: 265.186 | H30: 0.34491602 | I30: 0.90734051
B31: Consumer Finance Segment | C31: 537.9 | D31: 417.47444 | E31: 605.015 | F31: 423.15308 | G31: 328.35 | H31: 0.2884621 | I31: 0.63819095

Sheet Vintage Consumer Finance
B1: 30+ Delinquency. Three months vintage
B3: Month of disbursement | C3: Total Loans | D3: Loans to Open Market Customers | E3: Loans to Existing Customers
B4: Jan 17 | C4: 0.042677274 | D4: 0.048389115 | E4: 0.039967575
B5: Feb 17 | C5: 0.054909495 | D5: 0.053126703 | E5: 0.056127684
B6: Mar 17 | C6: 0.042693117 | D6: 0.052742916 | E6: 0.037647603
B7: Apr 17 | C7: 0.037776255 | D7: 0.047395665 | E7: 0.0323082
B8: May 17 | C8: 0.029602012 | D8: 0.041286291 | E8: 0.024143095
B9: Jun 17 | C9: 0.031579809 | D9: 0.040981288 | E9: 0.027171711
B10: Jul 17 | C10: 0.03750325 | D10: 0.058543037 | E10: 0.027174202
B11: Aug 17 | C11: 0.034567823 | D11: 0.048054723 | E11: 0.027976585
B12: Sep 17 | C12: 0.040567293 | D12: 0.055788814 | E12: 0.033364668
B13: Oct 17 | C13: 0.050306676 | D13: 0.057857275 | E13: 0.046567674
B14: Nov 17 | C14: 0.039980534 | D14: 0.048184607 | E14: 0.034574783
B15: Dec 17 | C15: 0.047465097 | D15: 0.064331334 | E15: 0.037211808
... B26: Nov 18 | C26: 0.033469563 | D26: 0.046656215 | E26: 0.028418311

Sheet Allowances for Loan Losses
B2: Analysis of the Allowance for Loan Losses
B3: (In millions of Argentine Ps.) | C3: FY18 | D3: 9M18 | E3: 6M18 | F3: 3M18 | G3: FY17
B4: Balance at the beginning of the year | C4: 1698.2073 | D4: 1698.2073 | E4: 1698.2073 | F4: 1698.2073 | G4: 990.69989
B5: Provisions charged to income | C5: 4220.645 | D5: 2837.8795 | E5: 1715.3537 | F5: 726.12637 | G5: 1928.7658
B6: Write-offs and reversals | C6: -2611.8237 | D6: -1624.7579 | E6: -992.54139 | F6: -467.04566 | G6: -1244.8333
B7: Other adjustments | C7: 46.951651 | D7: 46.951651 | E7: 117.67633 | F7: 0 | G7: 23.575
B8: Balance at the end of period | C8: 3353.9803 | D8: 2958.2805 | E8: 2538.6959 | F8: 1957.2883 | G8: 1698.2074
B9: Provisions charged to income
B10: Promissory notes | C10: 126.53875 | D10: 80.308456 | E10: 45.659933 | F10: 18.78692 | G10: 63.518939
B11: Unsecured corporate loans | C11: 74.31641 | D11: 47.165284 | E11: 26.816151 | F11: 11.033588 | G11: 37.304774
B12: Overdrafts | C12: 78.296094 | D12: 59.87206 | E12: 30.218127 | F12: 13.049881 | G12: 40.755256
B13: Mortgage loans | C13: 42.282715 | D13: 29.630553 | E13: 22.613816 | F13: 9.624328 | G13: 14.253144
B14: Automobile and other secured loans | C14: 31.50837 | D14: 59.708308 | E14: 22.556435 | F14: 0.974388 | G14: 3.4988586
B15: Personal loans | C15: 2016.5734 | D15: 1264.0873 | E15: 968.50118 | F15: 443.00105 | G15: 1199.7674
B16: Credit cards loans | C16: 846.00858 | D16: 686.32789 | E16: 282.25076 | F16: 137.22709 | G16: 403.31168
B17: Foreign Trade Loans | C17: 150.49245 | D17: 173.39014 | E17: 84.858338 | F17: 25.191827 | G17: 59.941834
B18: Other financings | C18: 712.37253 | D18: 342.569 | E18: 184.706 | F18: 50.756 | G18: 46.363461
B19: Other receivables from financial transactions | C19: 109.74835 | D19: 65.941087 | E19: 32.861823 | F19: 13.636241 | G19: 42.74994
B20: Receivables from financial leases | C20: 32.507297 | D20: 28.879427 | E20: 14.311129 | F20: 2.845056 | G20: 17.300498
B21: Total | C21: 4220.645 | D21: 2837.8795 | E21: 1715.3537 | F21: 726.12637 | G21: 1928.7658
B22: Write-offs and reversals
B23: Promissory notes | C23: -37.623297 | D23: -24.937394 | E23: -12.941759 | F23: -4.9596221 | G23: -22.166654
B24: Unsecured corporate loans | C24: -25.979197 | D24: -14.645771 | E24: -7.6007154 | F24: -2.9127939 | G24: -13.018511
B25: Overdrafts | C25: -27.839373 | D25: -20.233369 | E25: -14.520931 | F25: -9.197783 | G25: -23.682148
B26: Mortgage loans | C26: 0 | D26: 0 | E26: 0 | F26: 0 | G26: 0
B27: Automobile and other secured loans | C27: 7.5697924 | D27: 7.276 | E27: -12.906 | F27: 0 | G27: -1.0982964
B28: Personal loans | C28: -1786.9722 | D28: -1185.043 | E28: -711.71648 | F28: -311.55679 | G28: -809.81562
B29: Credit cards loans | C29: -564.17443 | D29: -283.23436 | E29: -178.67257 | F29: -114.7436 | G29: -311.09126
B30: Foreign Trade Loans | C30: 0 | D30: 0 | E30: 0 | F30: 0 | G30: 0
B31: Other financings | C31: -56.15553 | D31: -30.668 | E31: -9.689 | F31: -8.503 | G31: -19.20796
B32: Other receivables from financial transactions | C32: -110.10315 | D32: -64.759541 | E32: -39.060718 | F32: -14.600608 | G32: -38.892508
B33: Receivables from financial leases | C33: -10.546338 | D33: -8.5124857 | E33: -5.433229 | F33: -0.571457 | G33: -5.8603635
B34: Total | C34: -2611.8237 | D34: -1624.7579 | E34: -992.54139 | F34: -467.04566 | G34: -1244.8333

Sheet Funding
B2: Funding | H2: % Change
B3: (In millions of Argentine Ps.) | C3: dec 18 | D3: sep 18 | E3: jun 18 | F3: mar 18 | G3: dec 17 | H3: QoQ | I3: YoY
B4: Deposits
B5: Non‑Financial Public Sector | C5: 11105.477 | D5: 11990.961 | E5: 8538.602 | F5: 6187.146 | G5: 6171.661 | H5: -0.073845958 | I5: 0.79943082
B6: Financial Sector | C6: 25.236 | D6: 24.478 | E6: 23.708 | F6: 7.762 | G6: 15.702 | H6: 0.030966582 | I6: 0.6071838
B7: Non‑Financial Private Sector and Foreign Residents | C7: 83775.301 | D7: 85170.022 | E7: 67110.34 | F7: 49345.339 | G7: 50221.322 | H7: -0.016375727 | I7: 0.66812218
B8: Checking Accounts | C8: 6687.156 | D8: 6680.226 | E8: 5487.878 | F8: 5435.608 | G8: 5679.805 | H8: 0.0010373901 | I8: 0.17735662
B9: Savings Accounts | C9: 25121.674 | D9: 23713.832 | E9: 22770.962 | F9: 18731.77 | G9: 18650.08 | H9: 0.059367967 | I9: 0.34700087
B10: Special Checking Accounts | C10: 21737.965 | D10: 29545.913 | E10: 17008.75 | F10: 8449.718 | G10: 10928.914 | H10: -0.26426491 | I10: 0.98903249
B11: Time Deposits | C11: 25794.3 | D11: 20831.659 | E11: 18197.005 | F11: 14776.426 | G11: 13014.886 | H11: 0.23822591 | I11: 0.98190749
B12: Others | C12: 4434.206 | D12: 4398.392 | E12: 3645.745 | F12: 1951.817 | G12: 1947.637 | H12: 0.0081425212 | I12: 1.2767107
B13: Total Deposits | C13: 94906.014 | D13: 97185.461 | E13: 75672.65 | F13: 55540.247 | G13: 56408.685 | H13: -0.023454609 | I13: 0.68247166
B14: Other Source of Funding
B15: Liabilities at a fair value through profit or loss | C15: 268.086 | D15: 0 | E15: 0 | F15: 0 | G15: 0 | H15: - | I15: -
B16: Derivatives | C16: 94.222 | D16: 328.076 | E16: 191.701 | F16: 0 | G16: 0 | H16: - | I16: -
B17: Repo Transactions | C17: 0 | D17: 0 | E17: 5.097 | F17: 1632.287 | G17: 0 | H17: - | I17: -
B18: Other financial liabilities | C18: 4268.401 | D18: 4852.563 | E18: 4647.794 | F18: 5453.905 | G18: 3899.874 | H18: -0.12038216 | I18: 0.094497156
B19: Financing received from Central Bank and others | C19: 8033.222 | D19: 10512.251 | E19: 7962.821 | F19: 3664.418 | G19: 3524.267 | H19: -0.23582285 | I19: 1.2794022
B20: Medium Term Notes | C20: 9307.171 | D20: 10046.615 | E20: 10786.374 | F20: 11019.672 | G20: 8588.97 | H20: -0.073601308 | I20: 0.08361899
B21: Current Income tax liabilities | C21: 192.999 | D21: 548.798 | E21: 417.97 | F21: 389.953 | G21: 692.711 | H21: -0.64832416 | I21: -0.72138597
B22: Subordinated Loan and Negotiable Obligations | C22: 1383.817 | D22: 1490.246 | E22: 1055.365 | F22: 732.696 | G22: 685.873 | H22: -0.071417068 | I22: 1.0175995
B23: Provisions | C23: 86.915 | D23: 81.749 | E23: 87.762 | F23: 85.791 | G23: 80.163 | H23: 0.063193434 | I23: 0.084228385
B24: Deferred tax liabilities | C24: 0.172 | D24: 0 | E24: 0.011 | F24: 0 | G24: 0
B25: Other non-financial liabilities | C25: 5404.345 | D25: 4821.261 | E25: 4460.224 | F25: 2791.49 | G25: 3801.709 | H25: 0.12094014 | I25: NA
B26: Total Other Source of Funding | C26: 29039.35 | D26: 32681.559 | E26: 29615.119 | F26: 25770.212 | G26: 21273.567 | H26: -0.11144539 | I26: 0.36504377
B27: Attributable Shareholders’ Equity | C27: 17155.555 | D27: 16219.951 | E27: 15345.427 | F27: 15114.224 | G27: 14369.575 | H27: 0.057682295 | I27: 0.19388047
B28: Total Funding | C28: 141100.92 | D28: 146086.97 | E28: 120633.2 | F28: 96424.683 | G28: 92051.827 | H28: -0.03413071 | I28: 0.53284213

Sheet Hoja4
B4: 3Q17 | C4: 2Q17 | D4: 1Q17 | E4: 4Q16 | F4: 3Q16
A5: Savings Accounts | B5: =+[9]Funding!$C$15/1000 -> 15428.538 | C5: =+[10]Funding!$C$15/1000 -> 14816.457 | D5: 11552.64 | E5: 11263.142 | F5: 8736.9552
A6: Special Checking Accounts | B6: =+[9]Funding!$C$16/1000 -> 6414.3565 | C6: =+[10]Funding!$C$16/1000 -> 3837.807 | D6: 3616.9324 | E6: 1942.7954 | F6: 2392.1218
A7: total | B7: =SUM(B5:B6) -> 21842.894 | C7: =SUM(C5:C6) -> 18654.264 | D7: =SUM(D5:D6) -> 15169.572 | E7: =SUM(E5:E6) -> 13205.937 | F7: =SUM(F5:F6) -> 11129.077

Sheet Capitalization & Liquidity
B2: Consolidated Capital | H2: % Change
B3: (In millions of Argentine Ps.) | C3: dec 18 | D3: sep 18 | E3: jun 18 | F3: mar 18 | G3: dec 17 | H3: QoQ | I3: YoY
B4: Attributable Shareholders’ Equity | C4: 17155.555 | D4: 16219.951 | E4: 15345.427 | F4: 15114.225 | G4: 14369.575 | H4: 0.057682295 | I4: 0.19388047
B5: Average Shareholders’ Equity | C5: 15530.025 | D5: 15186.1 | E5: 15044.762 | F5: 14490.099 | G5: 14188.717 | H5: 0.022647342 | I5: 0.094533376
B6: Shareholders’ Equity as a % of Total Assets | C6: 0.12157098 | D6: 0.11100226 | E6: 0.12704327 | F6: 0.15651114 | G6: 0.15584815
B7: Avg. Shareholders’ Equity as a % of Avg. Total Assets | C7: 0.13164616 | D7: 0.1390353 | E7: 0.14561498 | F7: 0.15952508 | G7: 0.16595213
B8: Tang. Shareholders’ Equity as a % of T. Tang. Assets | C8: 0.10918671 | D8: 0.099683302 | E8: 0.11411498 | F8: 0.15477017 | G8: 0.15409916
B10: Calculation of Excess Capital | C10: dec 18 | D10: sep 18 | E10: jun 18 | F10: mar 18 | G10: dec 17
B11: (In millions of Argentine Ps.)
B12: Allocated to Assets at Risk | C12: 6090.3413 | D12: 6319.372 | E12: 5905.491 | F12: 5139.594 | G12: 4710.391
B13: Allocated to Bank Premises and Equipment, Intangible Assets and Equity Investment Assets | C13: 370.23259 | D13: 334.97 | E13: 325.787 | F13: 278.944 | G13: 191.549
B14: Market Risk | C14: 301.724 | D14: 273.454 | E14: 271.257 | F14: 433.738 | G14: 121.155
B15: Public Sector and Securities in Investment Account | C15: 96.88238 | D15: 88.322 | E15: 4.177 | F15: 3.337 | G15: 131.109
B16: Operational Risk | C16: 1486.516 | D16: 1333.058 | E16: 1202.654 | F16: 1110 | G16: 1016.501
B17: Required Minimum Capital Under Central Bank Regulations | C17: 8345.6963 | D17: 8349.176 | E17: 7709.366 | F17: 6965.613 | G17: 6170.705
B18: Basic Net Worth | C18: 11847.865 | D18: 11116.138 | E18: 10678.721 | F18: 9488.255 | G18: 9903.099
B19: Complementary Net Worth | C19: 1163.939 | D19: 1348.912 | E19: 1235.99 | F19: 992.525 | G19: 913.256
B20: Deductions | C20: -867.798 | D20: -664.882 | E20: -652.931 | F20: -620.577 | G20: -386.192
B21: Total Capital Under Central Bank Regulations | C21: 12144.006 | D21: 11800.168 | E21: 11261.78 | F21: 9860.204 | G21: 10430.163
B22: Excess Capital | C22: 3798.3095 | D22: 3450.992 | E22: 3552.414 | F22: 2894.591 | G22: 4259.458
B23: Credit Risk Weighted Assets | C23: 79580.781 | D23: 81573.578 | E23: 75435.513 | F23: 65677.677 | G23: 60939.3
B24: Risk Weighted Assets | C24: 101933.78 | D24: 101909.83 | E24: 94096.885 | F24: 85096.179 | G24: 75301.392
B26: Total Capital | C26: dec 18 | D26: sep 18 | E26: jun 18 | F26: mar 18 | G26: dec 17
B27: (In millions of Argentine Ps.)
B28: Tier 1 Capital
B29: Paid in share capital common stock | C29: 771.965 | D29: 771.965 | E29: 771.965 | F29: 744.386 | G29: 744.386
B30: Irrevocable capital contributions | C30: 0 | D30: 0 | E30: 0 | F30: 0 | G30: 0
B31: Share premiums | C31: 5481.234 | D31: 5481.234 | E31: 5481.234 | F31: 4647.818 | G31: 4647.818
B32: Disclosed reserves and retained earnings | C32: 4602.483 | D32: 4602.483 | E32: 4602.483 | F32: 3834.595 | G32: 3173.755
B33: Non‑controlling interests | C33: 63.04385 | D33: 84.27805 | E33: 91.4895 | F33: 93.8004 | G33: 78.5818
B34: IFRS Adjustments | C34: -472.796 | D34: -604.877 | E34: -665.102 | F34: 0 | G34: 0
B35: 100% of results | C35: 1133.354 | D35: 428.765 | E35: 364.536 | F35: 0 | G35: 1088.388
B36: 50% of positive results | C36: 268.581 | D36: 352.29 | E36: 32.115 | F36: 167.656 | G36: 170.17
B37: Sub‑Total: Gross Tier I Capital | C37: 11847.865 | D37: 11116.138 | E37: 10678.72 | F37: 9488.2554 | G37: 9903.0988
B38: Deduct:
B39: All Intangibles | C39: 406.46 | D39: 290.426 | E39: 203.064 | F39: 175.879 | G39: 312.589
B40: Pending items | C40: 96.48 | D40: 48.39 | E40: 56.569 | F40: 40.863 | G40: 40.798
B41: Other deductions | C41: 364.858 | D41: 326.066 | E41: 393.298 | F41: 403.8345 | G41: 32.805
B42: Total Deductions | C42: 867.798 | D42: 664.882 | E42: 652.931 | F42: 620.5765 | G42: 386.192
B43: Sub‑Total: Tier I Capital | C43: 10980.067 | D43: 10451.256 | E43: 10025.789 | F43: 8867.6789 | G43: 9516.9068
B44: Tier 2 Capital
B45: General provisions/general loan‑loss reserves 50% | C45: 784.727 | D45: 825.348 | E45: 735.655 | F45: 643.962 | G45: 588.073
B46: Subordinated term debt | C46: 379.212 | D46: 523.564 | E46: 500.335 | F46: 348.563 | G46: 325.183
B47: Sub‑Total: Tier 2 Capital | C47: 1163.939 | D47: 1348.912 | E47: 1235.99 | F47: 992.525 | G47: 913.256
B48: Total Capital | C48: 12144.006 | D48: 11800.168 | E48: 11261.78 | F48: 9860.2039 | G48: 10430.163
B49: Credit Risk weighted assets | C49: 79580.781 | D49: 81573.578 | E49: 75435.513 | F49: 65677.677 | G49: 60939.3
B50: Risk weighted assets | C50: 101933.78 | D50: 101909.83 | E50: 94096.885 | F50: 85096.179 | G50: 75301.392
B51: Tier 1 Capital / Risk weighted assets1 | C51: 0.10771765 | D51: 0.10255395 | E51: 0.10654752 | F51: 0.10420772 | G51: 0.12638421
B52: Regulatory Capital / Risk weighted assets1 | C52: 0.11913623 | D52: 0.11579028 | E52: 0.11968281 | F52: 0.11587129 | G52: 0.13851222
B53: Funds retained at the Holding company level | C53: 927 | D53: 1950 | E53: 2100 | F53: 4300 | G53: 4300
B54: Proforma Consolidated Tier1 Capital / Risk weighted assets | C54: 0.129 | D54: 0.125 | E54: 0.131 | F54: 0.158 | G54: 0.172
B55: Proforma Consolidated Capital / Risk weighted assets | C55: 0.14 | D55: 0.138 | E55: 0.145 | F55: 0.1695 | G55: 0.196

Sheet Retail Banking
B5: Retail Segment – Highlights | H5: % Change
B6: (In millions of Argentine Ps.) | C6: 4Q18 | D6: 3Q18 | E6: 2Q18 | F6: 1Q18 | G6: 4Q17 | H6: QoQ | I6: YoY
B7: Income Statement
B8: Net Interest Income | C8: 2539.564 | D8: 2063.9562 | E8: 1949.9801 | F8: 1821.2317 | G8: 1725.0053 | H8: 0.23043505 | I8: 0.47220651
B9: Net Service Fee Income | C9: 664.50969 | D9: 600.7197 | E9: 624.23468 | F9: 522.80793 | G9: 512.1922 | H9: 0.10618927 | I9: 0.29738346
B10: Net Operating Revenue, before Loan Loss Provisions | C10: 3652.093 | D10: 3062.6446 | E10: 2897.8281 | F10: 2574.2543 | G10: 2462.2738 | H10: 0.19246388 | I10: 0.48321973
B11: Loan Loss Provisions | C11: -547.6435 | D11: -377.30896 | E11: -333.9492 | F11: -246.61834 | G11: -206.98851 | H11: 0.4514458 | I11: 1.6457676
B12: Attributable Comprehensive Income | C12: 163.14208 | D12: 184.21551 | E12: 80.422683 | F12: 150.96073 | G12: 61.380203 | H12: -0.11439557 | I12: 1.6578941
B13: Balance Sheet
B14: Loans | C14: 30571.454 | D14: 29092.145 | E14: 26916.388 | F14: 23683.754 | G14: 20942.822 | H14: 0.050849087 | I14: 0.4597581
B15: Receivables from Financial Leases | C15: 522.419 | D15: 557.646 | E15: 510.183 | F15: 453.474 | G15: 439.188 | H15: -0.063170901 | I15: 0.1895111
B16: Total Loan Portfolio | C16: 31093.873 | D16: 29649.791 | E16: 27426.571 | F16: 24137.228 | G16: 21382.01 | H16: 0.048704627 | I16: 0.45420721
B17: Deposits | C17: 51679.015 | D17: 47257.136 | E17: 42807.758 | F17: 36278.798 | G17: 35239.873 | H17: 0.09357063 | I17: 0.46649266

Sheet Corporate Banking
B3: Corporate Segment – Highlights | H3: % Change
B4: (In millions of Argentine Ps.) | C4: 4Q18 | D4: 3Q18 | E4: 2Q18 | F4: 1Q18 | G4: 4Q17 | H4: QoQ | I4: YoY
B5: Income Statement
B6: Net Interest Income | C6: 1178.0258 | D6: 947.6404 | E6: 858.61992 | F6: 583.05892 | G6: 302.64107 | H6: 0.24311476 | I6: 2.8924847
B7: Net Service Fee Income | C7: 111.28329 | D7: 112.57381 | E7: 101.94521 | F7: 89.072694 | G7: 157.18772 | H7: -0.011463759 | I7: -0.29203573
B8: Net Operating Revenue, before Loan Loss Provisions | C8: 1597.9072 | D8: 1245.1603 | E8: 1119.6208 | F8: 785.65775 | G8: 521.21066 | H8: 0.28329436 | I8: 2.0657607
B9: Loan Loss Provisions | C9: -311.51616 | D9: -230.86136 | E9: -167.9205 | F9: -72.753983 | G9: -62.359823 | H9: 0.34936469 | I9: 3.9954626
B10: Attributable Comprehensive Income | C10: 554.77289 | D10: 539.63063 | E10: 347.46423 | F10: 243.22026 | G10: 7.8224144 | H10: 0.028060419 | I10: 69.920928
B11: Balance Sheet
B12: Loans | C12: 36121.815 | D12: 40504.906 | E12: 34973.011 | F12: 30927.331 | G12: 27811.753 | H12: -0.10821136 | I12: 0.29879677
B13: Receivables from Financial Leases | C13: 2815.066 | D13: 3037.205 | E13: 2571.934 | F13: 2193.668 | G13: 2070.318 | H13: -0.073139284 | I13: 0.35972638
B14: Total Loan Portfolio | C14: 38936.881 | D14: 43542.111 | E14: 37544.945 | F14: 33120.999 | G14: 29882.071 | H14: -0.10576497 | I14: 0.30301815
B15: Deposits | C15: 9420.9384 | D15: 10239.836 | E15: 6202.8983 | F15: 4414.3918 | G15: 4615.2451 | H15: -0.079971729 | I15: 1.041265

Sheet Treasury
B1: Total Liabilities | H1: #REF! | I1: #REF!
B4: Treasury Segment – Highlights | H4: % Change
B5: (In millions of Argentine Ps.) | C5: 4Q18 | D5: 3Q18 | E5: 2Q18 | F5: 1Q18 | G5: 4Q17 | H5: QoQ | I5: YoY
B6: Income Statement
B7: Net Interest Income | C7: -2348.4721 | D7: -879.28118 | E7: -834.88567 | F7: -258.97801 | G7: -171.17358 | H7: 1.6709001 | I7: 12.719828
B8: NIIFI & Exchange rate differences | C8: 3065.0048 | D8: 1316.0933 | E8: 507.26745 | F8: 388.93249 | G8: 403.36665 | H8: 1.3288659 | I8: 6.5985577
B9: Net Operating Revenue, before Loan Loss Provisions | C9: 731.45188 | D9: 442.47378 | E9: -316.23297 | F9: 133.85431 | G9: 245.05002 | H9: 0.65309656 | I9: 1.9849085
B10: Attributable Comprehensive Income | C10: 488.6172 | D10: 94.122274 | E10: -137.45668 | F10: -4.2167946 | G10: -20.211725 | H10: 4.1913026 | I10: -25.174938
B11: Balance Sheet
B12: Government and corporate securities | H12: #DIV/0! | I12: #DIV/0!
B13: Deposits | H13: #DIV/0! | I13: #DIV/0!

Sheet Consumer Finance
B2: Consumer Finance Segment – Highlights | H2: % Change
B3: (In millions of Argentine Ps.) | C3: 4Q18 | D3: 3Q18 | E3: 2Q18 | F3: 1Q18 | G3: 4Q17 | H3: QoQ | I3: YoY
B4: Income Statement
B5: Net Interest Income | C5: 425.51 | D5: 702.975 | E5: 875.303 | F5: 662.615 | G5: 728.185 | H5: -0.39470109 | I5: -0.41565674
B6: Net Service Fee Income | C6: 209.168 | D6: 235.526 | E6: 205.212 | F6: 198.785 | G6: 190.798 | H6: -0.11191121 | I6: 0.096279835
B7: Net Operating Revenue, before Loan Loss Provisions | C7: 569.594 | D7: 864.926 | E7: 996.60054 | F7: 957.24346 | G7: 917.914 | H7: -0.34145349 | I7: -0.3794691
B8: Loan Loss Provisions | C8: -559.527 | D8: -478.258 | E8: -458.539 | F8: -401.58 | G8: -363.207 | H8: 0.16992711 | I8: 0.54051822
B9: Attributable Comprehensive Income | C9: -414.366 | D9: -148.404 | E9: -27.089 | F9: 33.793 | G9: 32.135 | H9: 1.7921485 | I9: -13.894539
B10: Balance Sheet
B11: Loan Portfolio | C11: 7531.7494 | D11: 7945.4963 | E11: 8193.9683 | F11: 7901.1125 | G11: 7523.0614 | H11: -0.052073136 | I11: 0.0011548421

Sheet Insurance
B2: Insurance Segment – Highlights | H2: % Change
B3: (In millions of Argentine Ps.) | C3: 4Q18 | D3: 3Q18 | E3: 2Q18 | F3: 1Q18 | G3: 4Q17 | H3: QoQ | I3: YoY
B4: Net Interest Income | C4: 18.435 | D4: 17.105 | E4: -1.351 | F4: 1.351 | G4: 0.68 | H4: 0.077755042 | I4: 26.110294
B5: Net Service Fee Income | C5: 142.278 | D5: 140.449 | E5: 108.246 | F5: 113.871 | G5: 109.78918 | H5: 0.013022521 | I5: 0.2959201
B6: Net Operating Revenue, before Loan Loss Provisions | C6: 229.474 | D6: 196.215 | E6: 126.5132 | F6: 142.3268 | G6: 138.06113 | H6: 0.16950284 | I6: 0.66211877
B7: Attributable Comprehensive Income | C7: 94.417 | D7: 100.441 | E7: 71.816 | F7: 55.309 | G7: 60.202 | H7: -0.059975508 | I7: 0.5683366
B8: Gross written premiums | C8: 276.25299 | D8: 257.37514 | E8: 241.17423 | F8: 229.278 | G8: 232.1 | H8: 0.073347596 | I8: 0.1902326
B9: Claims Paid | C9: 40.776451 | D9: 31.048705 | E9: 68.143699 | F9: 36.1 | G9: 49.9 | H9: 0.313306 | I9: -0.18283666
B10: Combined Ratio | C10: 0.71319085 | D10: 0.63612085 | E10: 0.7074198 | F10: 0.7353 | G10: 0.7153 | H10: 0.12115622 | I10: -0.0029486266

Sheet Asset Managment & Others
B6: Asset Management & Others Segment Highlights | H6: % Change
B7: (In millions of Argentine Ps.) | C7: 4Q18 | D7: 3Q18 | E7: 2Q18 | F7: 1Q18 | G7: 4Q17 | H7: QoQ | I7: YoY
B8: Net Interest Income | C8: -32.813 | D8: 6.222 | E8: 44.415 | F8: 0 | G8: 0
B9: Net Service Fee Income | C9: 87.559 | D9: 103.075 | E9: 88.706 | F9: 66.307 | G9: 56.864 | H9: -0.15053117 | I9: 0.53979671
B10: Net income from financial instruments at fair value through profit or loss | C10: 19.359 | D10: 20.384 | E10: 18.437 | F10: 11.159 | G10: 8.653 | H10: -0.050284537 | I10: 1.2372588
B11: Net Operating Revenue, before Loan Loss Provisions | C11: 105.312 | D11: 151.825 | E11: 184.157 | F11: 78.403 | G11: 66.293 | H11: -0.3063593 | I11: 0.58858401
B12: Attributable Comprehensive Income | C12: -11.711 | D12: 11.167 | E12: 28.23 | F12: 44.546 | G12: 31.402 | H12: -2.048715 | I12: -1.372938
B13: Assets Under Management | C13: 13648 | D13: 11273 | E13: 16465 | F13: 18583 | G13: 14655 | H13: 0.21068039 | I13: -0.06871375
B14: Market Share | C14: 0.0226 | D14: 0.0204 | E14: 0.0265 | F14: 0.0274 | G14: 0.0263 | H14: 0.10784314 | I14: -0.14068441

Sheet Cons. Balance sheet
B2: Consolidated Balance Sheet Data | C2: dec 18 | D2: sep 18 | E2: jun 18 | F2: mar 18 | G2: dec 17
B3: (In millions of Argentine Ps.)
B4: Assets
B5: Cash and due from banks | C5: 33687.553 | D5: 33822.151 | E5: 19692.684 | F5: 10529.609 | G5: 11097.803
B6: Secuities at fair value through profit or loss | C6: 15112.115 | D6: 13800.567 | E6: 13654.688 | F6: 9952.896 | G6: 11404.286
B7: Derivatives | C7: 15.924 | D7: 196.638 | E7: 23.36 | F7: 97.686 | G7: 26.916
B8: Repo transactions | C8: 0 | D8: 111.738 | E8: 66.22 | F8: 1483.86 | G8: 3349.822
B9: Other financial assets | C9: 1715.534 | D9: 1972.578 | E9: 2118.375 | F9: 1737.113 | G9: 1614.4
B10: Loans and other financings | C10: 78791.903 | D10: 82237.053 | E10: 74526.672 | F10: 65727.489 | G10: 60444.044
B11: Other securities | C11: 4311.095 | D11: 5848.094 | E11: 3201.309 | F11: 1063.58 | G11: 359.197
B12: Financial assets in guarantee | C12: 2007.217 | D12: 2666.4 | E12: 2646.864 | F12: 3340.864 | G12: 1301.237
B13: Current Income tax assets | C13: 0 | D13: 532.907 | E13: 347.686 | F13: 0 | G13: 0
B14: Investments in equity instruments | C14: 10.404 | D14: 8.378 | E14: 8.318 | F14: 42.622 | G14: 45.919
B15: Investments in subsidiaries, associates and joint ventures | C15: 0 | D15: 0 | E15: 0 | F15: 13.737 | G15: 0.734
B16: Property, plant and equipment | C16: 1777.403 | D16: 1410.431 | E16: 1375.406 | F16: 1181.838 | G16: 1174.057
... B20: Total assets | C20: 141115.54 | D20: 146122.7 | E20: 120788.98 | F20: 96569.645 | G20: 92202.409
B21: Liabilities and shareholders’ equity
B22: Deposits: | C22: 94906.014 | D22: 97185.461 | E22: 75672.65 | F22: 55540.248 | G22: 56408.685
B23: Non‑financial public sector | C23: 11105.477 | D23: 11990.961 | E23: 8538.602 | F23: 6187.146 | G23: 6171.661
B24: Financial sector | C24: 25.236 | D24: 21.468 | E24: 23.657 | F24: 7.762 | G24: 15.702
B25: Non‑financial private sector and foreign residents | C25: 83775.301 | D25: 85173.032 | E25: 67110.391 | F25: 49345.34 | G25: 50221.322
B26: Liabilities at a fair value through profit or loss | C26: 268.086 | D26: 0 | E26: 0 | F26: 0 | G26: 0
B27: Derivatives | C27: 94.222 | D27: 328.076 | E27: 191.701 | F27: 0 | G27: 0
B28: Repo transactions | C28: 0 | D28: 0 | E28: 5.097 | F28: 1632.287 | G28: 0
B29: Other financial liabilities | C29: 4268.401 | D29: 4852.563 | E29: 4647.794 | F29: 5453.905 | G29: 3899.874
B30: Financing received from Central Bank and others | C30: 8033.222 | D30: 10512.251 | E30: 7962.821 | F30: 3664.418 | G30: 3524.267
B31: Medium Term Notes | C31: 9307.171 | D31: 10046.615 | E31: 10786.374 | F31: 11019.672 | G31: 8588.97
B32: Current Income tax liabilities | C32: 192.999 | D32: 548.798 | E32: 417.97 | F32: 389.953 | G32: 692.144
B33: Subordinated Loan and Negotiable Obligations | C33: 1383.817 | D33: 1490.246 | E33: 1055.365 | F33: 732.696 | G33: 685.873
... B40: Total liabilities and shareholders’ equity | C40: 141115.54 | D40: 146122.7 | E40: 120788.98 | F40: 96569.646 | G40: 92202.409

Sheet Evolucion PN
C2: Capital stock | D2: Paid-in capital | E2: Legal reserve | F2: Optional reserve | G2: Retained earnings | H2: Total shareholders’ equity
B4: Balances as of June 30, 2017 | C4: 363777 | D4: 3248435 | E4: 72755 | F4: 3181084 | G4: 961586 | H4: 7827637
B5: Capital increase
B6: - Capital increase in July 22, 2017 (incl. Contribution-in-kind) | C6: 7495 | D6: 250345 | H6: 257840
B7: - Follow On equity offering in September 12, 2017 | C7: 70000 | D7: 4721500 | H7: 4791500
B8: - Green Shoe | C8: 15450 | D8: 1033419 | H8: 1048869
B9: - Capital Increases expenses | D9: -256521 | H9: =+D9 -> -256521
B10: Net income for the period | G10: 1475473 | H10: =+G10 -> 1475473
B11: Balances as of December 31, 2017 | C11: =SUM(C4:C10) -> 456722 | D11: =SUM(D4:D9) -> 8997178 | E11: =SUM(E4:E10) -> 72755 | F11: =SUM(F4:F10) -> 3181084 | G11: =SUM(G4:G10) -> 2437059 | H11: =SUM(H4:H10) -> 15144798

Sheet Calculos auxiliares
C1: 1Q16 | D1: 4Q15 | E1: 3Q15 | F1: 2Q15
A2: Retail | B2: Loans | C2: 11018.163 | D2: 10225.191 | E2: 9414.4281 | F2: 8342.5227
B3: Leasing | C3: 182.904 | D3: 196.048 | E3: 171.39164 | F3: 155.82492
C4: =+C2+C3 -> 11201.067 | D4: =+D2+D3 -> 10421.239 | E4: =+E2+E3 -> 9585.8198 | F4: =+F2+F3 -> 8498.3476
A5: Corporate | B5: Loans | C5: 7424.759 | D5: 7301.545 | E5: 6930.7793 | F5: 6613.7355
B6: Leasing | C6: 962.922 | D6: 878.931 | E6: 812.45436 | F6: 650.02408
C7: =+C5+C6 -> 8387.681 | D7: =+D5+D6 -> 8180.476 | E7: =+E5+E6 -> 7743.2336 | F7: =+F5+F6 -> 7263.7596
A8: Consumer Financie | B8: Loans | C8: 2917.365 | D8: 2349.218 | E8: 1974.8142 | F8: 1901.1173
B9: Leasing
C10: =+C8+C9 -> 2917.365 | D10: =+D8+D9 -> 2349.218 | E10: =+E8+E9 -> 1974.8142 | F10: =+F8+F9 -> 1901.1173
A13: To the non-financial private sector and foreign residents:
A14: Overdrafts | B14: 2471.94
A15: Promissory Notes | B15: 6742.83 | E15: Overdraft | F15: =+B14 -> 2471.94 | G15: =+F15/$F$20 -> 0.097392232
A16: Mortgage loans | B16: 39.123 | E16: =+A15 -> Promissory Notes | F16: =+B15 -> 6742.83 | G16: =+F16/$F$20 -> 0.26566149
A17: Automobile and other secured loans | B17: 77.169 | E17: =+A18 -> Personal loans | F17: =+B18 -> 7558.712 | G17: =+F17/$F$20 -> 0.29780651
A18: Personal loans | B18: 7558.712 | E18: =+A19 -> Credit card loans | F18: =+B19 -> 5922.059 | G18: =+F18/$F$20 -> 0.23332384
A19: Credit card loans | B19: 5922.059 | E19: =+A20 -> Other | F19: =+B20+B16 -> 2685.744 | G19: =+F19/$F$20 -> 0.10581592
A20: Other | B20: 2646.621 | F20: =SUM(F15:F19) -> 25381.285
A21: Accrued Interest, adjustments and exchange rate differences receivable | B21: 562.408
A22: Documented interest | B22: -277.636
A23: Other unapplied charges | B23: -0.541
A24: Allowances | B24: -738.947
A26: Receivables from financial leases | B26: 1388.472
B28: 6M 2016 | C28: 3M 2016 | D28: 12M 2015 | E28: 9M 2015 | F28: 6M 2015
A29: Non‑financial private sector and foreign residents | B29: 24524.582 | C29: 21785.546 | D29: 22283.037 | E29: 19531.867 | F29: 19009.519 | H29: 6M 2016 | I29: 3M 2016 | J29: 12M 2015 | K29: 9M 2015 | L29: 6M 2015
A30: Checking accounts | B30: 3591.092 | C30: 3342.288 | D30: 3042.376 | E30: 2961.249 | F30: 2674.839 | G30: Checking accounts | H30: =+B30/$B$29 -> 0.14642827 | I30: =+C30/$B$29 -> 0.13628318 | J30: =+D30/$B$29 -> 0.12405414 | K30: =+E30/$B$29 -> 0.12074616 | L30: =+F30/$B$29 -> 0.10906767
A31: Savings accounts | B31: 10238.563 | C31: 8032.139 | D31: 7753.696 | E31: 6374.222 | F31: 6622.489 | G31: Savings accounts | H31: =+B31/$B$29 -> 0.41748165 | I31: =+C31/$B$29 -> 0.3275138 | J31: =+D31/$B$29 -> 0.31616017 | K31: =+E31/$B$29 -> 0.25991155 | L31: =+F31/$B$29 -> 0.27003473
A32: Time deposits | B32: 9827.244 | C32: 9377.697 | D32: 10034.025 | E32: 9214.559 | F32: 8796.484 | G32: Time deposits | H32: =+B32/$B$29 -> 0.40070995 | I32: =+C32/$B$29 -> 0.38237948 | J32: =+D32/$B$29 -> 0.40914153 | K32: =+E32/$B$29 -> 0.37572746 | L32: =+F32/$B$29 -> 0.35868028
A33: Investment accounts | B33: 0 | C33: 245.1 | D33: 664.9 | E33: 298.261 | F33: 265.861 | G33: Investment accounts | H33: =+B33/$B$29 -> 0 | I33: =+C33/$B$29 -> 0.0099940541 | J33: =+D33/$B$29 -> 0.027111573 | K33: =+E33/$B$29 -> 0.012161716 | L33: =+F33/$B$29 -> 0.010840593
A34: Other | B34: 867.683 | C34: 788.322 | D34: 788.04 | E34: 683.576 | F34: 649.846 | G34: Other | H34: =+B34/$B$29 -> 0.035380134 | I34: =+C34/$B$29 -> 0.032144156 | J34: =+D34/$B$29 -> 0.032132658 | K34: =+E34/$B$29 -> 0.027873095 | L34: =+F34/$B$29 -> 0.02649774
A38: Net Service Fee Income | G38: % Change
A39: (In millions of Argentine Ps.) | B39: 2Q16 | C39: 1Q16 | D39: 4Q15 | E39: 3Q15 | F39: 2Q15 | G39: QoQ | H39: YoY
A41: Income from:
A42: Deposit Accounts | B42: 218.17 | C42: 192.217 | D42: 187.163 | E42: 182.069 | F42: 163.836 | G42: =+B42/C42-1 -> 0.13501928 | H42: =+B42/F42-1 -> 0.33163651
A43: Loan Related | B43: 31.96 | C43: 31.545 | D43: 34.456 | E43: 33.883 | F43: 34.765 | G43: =+B43/C43-1 -> 0.013155809 | H43: =+B43/F43-1 -> -0.080684597
A44: Credit and Debit Cards | B44: 152.002 | C44: 246.845 | D44: 217.383 | E44: 204.449 | F44: 179.811 | G44: =+B44/C44-1 -> -0.38422087 | H44: =+B44/F44-1 -> -0.15465683
A45: Card Insurance | B45: 50.538 | C45: 116.569 | D45: 137.974 | E45: 88.13 | F45: 94.99 | G45: =+B45/C45-1 -> -0.5664542 | H45: =+B45/F45-1 -> -0.46796505
A46: Check Administration Commission | B46: 51.229 | C46: 35.402 | D46: 37.268 | E46: 34.287 | F46: 26.168 | G46: =+B46/C46-1 -> 0.44706514 | H46: =+B46/F46-1 -> 0.95769642
A47: Safe Deposit Box | B47: 21.439 | C47: 20.722 | D47: 20.478 | E47: 19.33 | F47: 17.777 | G47: =+B47/C47-1 -> 0.034600907 | H47: =+B47/F47-1 -> 0.20599651
A48: Receivables from Financial Leases | B48: 20.345 | C48: 13.185 | D48: 14.96 | E48: 18.071 | F48: 16.796 | G48: =+B48/C48-1 -> 0.54304133 | H48: =+B48/F48-1 -> 0.21130031
A49: Financial Agent for the Province of San Luis | B49: 25.061 | C49: 20.563 | D49: 20.259 | E49: 20.808 | F49: 17.724 | G49: =+B49/C49-1 -> 0.2187424 | H49: =+B49/F49-1 -> 0.41395847
A50: Payments to Retirees | B50: 6.859 | C50: 7.82 | D50: 6.842 | E50: 6.71 | F50: 5.989 | G50: =+B50/C50-1 -> -0.12289003 | H50: =+B50/F50-1 -> 0.14526632
A51: Mutual Funds Management | B51: 31.204 | C51: 23.954 | D51: 24.154 | E51: 20.581 | F51: 19.32 | G51: =+B51/C51-1 -> 0.30266344 | H51: =+B51/F51-1 -> 0.61511387
A52: Other | B52: 205.025 | C52: 64.643 | D52: 143.474 | E52: 105.419 | F52: 87.865 | G52: =+B52/C52-1 -> 2.1716504 | H52: =+B52/F52-1 -> 1.3334092
A53: Total Fee Income | B53: =SUM(B42:B52) -> 813.832 | C53: =SUM(C42:C52) -> 773.465 | D53: =SUM(D42:D52) -> 844.411 | E53: =SUM(E42:E52) -> 733.737 | F53: =SUM(F42:F52) -> 665.041 | G53: =+B53/C53-1 -> 0.052189821 | H53: =+B53/F53-1 -> 0.22373207
B54: =+B53/C53-1 -> 0.052189821 | C54: =+C53/D53-1 -> -0.084018328 | D54: =+D53/E53-1 -> 0.15083606 | E54: =+E53/F53-1 -> 0.10329589
A55: Total Fee Expenses | B55: 257.716 | C55: 234.909 | D55: 230.366 | E55: 199.926 | F55: 187.621 | G55: =+B55/C55-1 -> 0.09708866 | H55: =+B55/F55-1 -> 0.3735989
B56: =+B55/C55-1 -> 0.09708866 | C56: =+C55/D55-1 -> 0.019720792 | D56: =+D55/E55-1 -> 0.15225633 | E56: =+E55/F55-1 -> 0.065584343
A57: Net Services Fee Income | B57: 556.116 | C57: 538.556 | D57: 614.045 | E57: 533.811 | F57: 477.42 | G57: =+B57/C57-1 -> 0.032605709 | H57: =+B57/F57-1 -> 0.16483599
B58: =+B57/C57-1 -> 0.032605709 | C58: =+C57/D57-1 -> -0.12293724 | D58: =+D57/E57-1 -> 0.15030413 | E58: =+E57/F57-1 -> 0.11811612
A62: Consolidated Income Statement Data | B62: 6M 16 | C62: 3M 16 | D62: 12M 15 | E62: 9M 15 | F62: 6M 15
A63: (In millions of Argentine Ps.)
A64: Argentine Banking GAAP:
A65: Financial income | B65: 4895.626 | C65: 2338.664 | D65: 6741.744 | E65: 4658.655 | F65: 2926.725
A66: Financial expenses | B66: -2485.612 | C66: -1233.06 | D66: -3386.05 | E66: -2379.883 | F66: -1502.338 | H66: =+F80 -> 120.915 | J66: net service fee income | K66: =+B69+B70 -> 1094.671 | L66: =+F69+F70 -> 909.36
A67: Gross financial margin | B67: =+B65+B66 -> 2410.014 | C67: =+C65+C66 -> 1105.604 | D67: =+D65+D66 -> 3355.694 | E67: =+E65+E66 -> 2278.772 | F67: =+F65+F66 -> 1424.387 | G67: Gross financial Margin | H67: =+B67-F67 -> 985.627 | I67: =+H67/F67 -> 0.69196574 | J67: other income | K67: =+B75+B76+B77 -> -30.094 | L67: =+F75+F76+F77 -> 24.204
A68: Loan loss provisions | B68: -479.583 | C68: -183.646 | D68: -543.844 | E68: -355.994 | F68: -257.474 | G68: LLP | H68: =+B68-F68 -> -222.109 | I68: =+H68/F68 -> 0.86264633
A69: Services fee income | B69: 1587.297 | C69: 773.465 | D69: 2835.708 | E69: 1991.297 | F69: 1257.56 | G69: Net service fee income | H69: =+K66-L66 -> 185.311 | I69: =+K66/L66-1 -> 0.20378178
A70: Services fee expenses | B70: -492.626 | C70: -234.909 | D70: -778.492 | E70: -548.126 | F70: -348.2 | G70: Income from Insurance activities | H70: =+B72-F72 -> 209.704 | I70: =+H70/F72 -> 2.9204245
G71: Administrative Expenses | H71: =+B73-F73 -> -751.818 | I71: =+H71/F73 -> 0.3747047
A72: Income from insurance activities | B72: 281.51 | C72: 117.923 | D72: 175.947 | E72: 113.937 | F72: 71.806 | G72: Other Income | H72: =+K67-L67 -> -54.298 | I72: =+K67/L67-1 -> -2.2433482
A73: Administrative expenses | B73: -2758.246 | C73: -1299.587 | D73: -4261.402 | E73: -3065.154 | F73: -2006.428 | G73: Income tax | H73: =+B79-F79 -> -130.731 | I73: =+H73/F79 -> 2.909012
A74: Income from financial transactions | B74: =SUM(B67:B73) -> 548.366 | C74: =SUM(C67:C73) -> 278.85 | D74: =SUM(D67:D73) -> 783.611 | E74: =SUM(E67:E73) -> 414.732 | F74: =SUM(F67:F73) -> 141.651 | H74: =SUM(H66:H73) -> 342.601 | I74: =+H74/F80-1 -> 1.8334036 | J74: =+H74-F80 -> 221.686
A75: Miscellaneous income | B75: 182.102 | C75: 73.887 | D75: 367.165 | E75: 215.387 | F75: 115.173
A76: Miscellaneous losses | B76: -205.307 | C76: -109.191 | D76: -213.427 | E76: -156.317 | F76: -86.76
A77: Non‑controlling interests result | B77: -6.889 | C77: -4.049 | D77: -16.079 | E77: -9.585 | F77: -4.209
A78: Income before income tax | B78: =SUM(B74:B77) -> 518.272 | C78: =SUM(C74:C77) -> 239.497 | D78: =SUM(D74:D77) -> 921.27 | E78: =SUM(E74:E77) -> 464.217 | F78: =SUM(F74:F77) -> 165.855
A79: Income tax | B79: -175.671 | C79: -64.821 | D79: -247.161 | E79: -150.234 | F79: -44.94
A80: Net income for the fiscal period | B80: =SUM(B78:B79) -> 342.601 | C80: =SUM(C78:C79) -> 174.676 | D80: =SUM(D78:D79) -> 674.109 | E80: =SUM(E78:E79) -> 313.983 | F80: =SUM(F78:F79) -> 120.915
A82: Income Statement | B82: 2Q16 | C82: 1Q16 | D82: 4Q15 | E82: 3Q15 | F82: 2Q15
A83: (In millions of Argentine Ps.)
A84: Argentine Banking GAAP:
A85: Financial income | B85: 2556.962 | C85: 2338.664 | D85: 2083.089 | E85: 1731.93 | F85: 1531.067
A86: Financial expenses | B86: -1252.552 | C86: -1233.06 | D86: -1006.167 | E86: -877.545 | F86: -807.04 | H86: =+F100 -> 36.372 | J86: net service fee income | K86: =+B89+B90 -> 556.115 | L86: =+F89+F90 -> 477.42 | O86: =+C100 -> 174.676 | Q86: net service fee income | R86: =+B89+B90 -> 556.115 | S86: =+C89+C90 -> 538.556
A87: Gross financial margin | B87: 1304.41 | C87: 1105.604 | D87: 1076.922 | E87: 854.385 | F87: 724.027 | G87: Gross financial Margin | H87: =+B87-F87 -> 580.383 | I87: =+H87/F87 -> 0.80160408 | J87: other income | K87: =+B95+B96+B97 -> 9.259 | L87: =+F95+F96+F97 -> 16.525 | N87: Gross financial Margin | O87: =+B87-C87 -> 198.806 | P87: =+O87/C87 -> 0.17981664 | Q87: other income | R87: =+B95+B96+B97 -> 9.259 | S87: =+C95+C96+C97 -> -39.353
A88: Loan loss provisions | B88: -295.937 | C88: -183.646 | D88: -187.85 | E88: -98.52 | F88: -126.573 | G88: LLP | H88: =+B88-F88 -> -169.364 | I88: =+H88/F88 -> 1.3380737 | N88: LLP | O88: =+B88-C88 -> -112.291 | P88: =+O88/C88 -> 0.61145356
A89: Services fee income | B89: 813.832 | C89: 773.465 | D89: 844.411 | E89: 733.737 | F89: 665.041 | G89: Net service fee income | H89: =+K86-L86 -> 78.695 | I89: =+K86/L86-1 -> 0.1648339 | N89: Net service fee income | O89: =+R86-S86 -> 17.559 | P89: =+R86/S86-1 -> 0.032603852
A90: Services fee expenses | B90: -257.717 | C90: -234.909 | D90: -230.366 | E90: -199.926 | F90: -187.621 | G90: Income from Insurance activities | H90: =+B92-F92 -> 126.668 | I90: =+H90/F92 -> 3.4309705 | N90: Income from Insurance activities | O90: =+B92-C92 -> 45.664 | P90: =+O90/C92 -> 0.38723574
G91: Administrative Expenses | H91: =+B93-F93 -> -377.516 | I91: =+H91/F93 -> 0.3491823 | N91: Administrative Expenses | O91: =+B93-C93 -> -159.072 | P91: =+O91/C93 -> 0.12240196
A92: Income from insurance activities | B92: 163.587 | C92: 117.923 | D92: 62.01 | E92: 42.131 | F92: 36.919 | G92: Other Income | H92: =+K87-L87 -> -7.266 | I92: =+K87/L87-1 -> -0.43969743 | N92: Other Income | O92: =+R87-S87 -> 48.612 | P92: =+R87/S87-1 -> -1.2352807
A93: Administrative expenses | B93: -1458.659 | C93: -1299.587 | D93: -1196.248 | E93: -1058.726 | F93: -1081.143 | G93: Income tax | H93: =+B99-F99 -> -100.047 | I93: =+H93/F99 -> 9.2610386 | N93: Income tax | O93: =+B99-C99 -> -46.029 | P93: =+O93/C99 -> 0.71009395
A94: Income from financial transactions | B94: 269.516 | C94: 278.85 | D94: 368.879 | E94: 273.081 | F94: 30.65 | H94: =SUM(H86:H93) -> 167.925 | I94: =+H94/F100-1 -> 3.6168756 | J94: =+H94-F100 -> 131.553 | O94: =SUM(O86:O93) -> 167.925 | P94: =+O94/C100-1 -> -0.038648698 | Q94: =+O94-M100 -> 167.925
A95: Miscellaneous income | B95: 108.215 | C95: 73.887 | D95: 151.778 | E95: 100.214 | F95: 64.962
A96: Miscellaneous losses | B96: -96.116 | C96: -109.191 | D96: -57.11 | E96: -69.557 | F96: -46.686 | O96: =+O94-O86 -> -6.751
A97: Non‑controlling interests result | B97: -2.84 | C97: -4.049 | D97: -6.494 | E97: -5.376 | F97: -1.751
A98: Income before income tax | B98: 278.775 | C98: 239.497 | D98: 457.053 | E98: 298.362 | F98: 47.175
A99: Income tax | B99: -110.85 | C99: -64.821 | D99: -96.927 | E99: -105.294 | F99: -10.803
A100: Net income for the fiscal period | B100: 167.925 | C100: 174.676 | D100: 360.126 | E100: 193.068 | F100: 36.372

Sheet Estructura Accionaria
A1: Accionistas | B1: Acciones Clase A | C1: Acciones Clase B | D1: Cantidad de Acciones (Total) | E1: % Capital | F1: Cantidad de Votos (Total) | G1: % Capital | I1: % Votos | J1: % Acciones B
A2: Julio Patricio Supervielle | B2: 126738188 | C2: 68618530 | D2: 195356718 | E2: 0.53702237 | F2: 702309470 | G2: 1.9306011 | I2: 0.80657514 | J2: 0.2894815
A3: Pilar Isabel Estela Supervielle | C3: 3200000 | D3: 3200000 | E3: 0.008796583 | F3: 3200000 | I3: 0.0036750757 | J3: 0.013499864
A4: Cecilia Beatriz Coqueugniot | C4: 1653444 | D4: 1653444 | E4: 0.0045452055 | F4: 1653444 | G4: 0.0018989162 | I4: 0.0018989162 | J4: 0.0069753965
A5: Mónica Isabel Coqueugniot | C5: 1653444 | D5: 1653444 | E5: 0.0045452055 | F5: 1653444 | G5: 0.0018989162 | I5: 0.0018989162 | J5: 0.0069753965
A6: Diana Inés Coqueugniot | C6: 1653444 | D6: 1653444 | E6: 0.0045452055 | F6: 1653444 | G6: 0.0018989162 | I6: 0.0018989162 | J6: 0.0069753965
A7: Gabriel Alberto Coqueugniot | C7: 1653444 | D7: 1653444 | E7: 0.0045452055 | F7: 1653444 | G7: 0.0018989162 | I7: 0.0018989162 | J7: 0.0069753965
A8: Acalar S.A. | C8: 0 | D8: 0 | E8: 0 | F8: 0 | G8: 0 | I8: 0 | J8: 0
A9: Lankory International S.A. | C9: 11982034 | D9: 11982034 | E9: 0.032937799 | F9: 11982034 | I9: 0.013760901 | J9: 0.050548696
A10: Oferta Pública | C10: 146625087 | D10: 146625087 | E10: 0.40306242 | F10: 146625087 | I10: 0.16839322 | J10: 0.61856835
A11: Total | B11: 126738188 | C11: 237039427 | D11: 363777615 | E11: 1 | F11: 870730367 | G11: 1.9381968 | I11: 1 | J11: 1
A16: Others
A17: Floating Shares | B17: =+B19-B18 -> 168420897 | C17: =+B17/$B$19 -> 0.46297763
A18: Julio Patricio Supervielle | B18: =+D2 -> 195356718 | C18: =+B18/$B$19 -> 0.53702237
B19: 363777615 | C19: =+B19/$B$19 -> 1

Sheet Hoja1
C1: 42825 | D1: 42735 | E1: 42643 | F1: 42551 | G1: 42460 | H1: 42369 | I1: 42277 | J1: 42185 | K1: 42094 | L1: 42004 | M1: 41639 | N1: 41274 | O1: 40908
C2: $ | D2: $ | E2: $ | F2: $ | G2: $ | H2: $ | I2: $ | J2: $ | K2: $ | L2: $ | M2: $ | N2: $ | O2: $
B3: Consolidated Income Statement Data
B4: Argentine Banking GAAP:
B5: Financial income | C5: 3236157 | D5: 10794579 | E5: 7671082 | F5: 4895626 | G5: 2338664 | H5: 6741744 | I5: 4658655 | J5: 2926725 | K5: 1395658 | L5: 4751352 | M5: 3045380 | N5: 2210340.3 | O5: 1453929
B6: Financial expenses | C6: -1308338 | D6: -4866525 | E6: -3694627 | F6: -2485612 | G6: -1233060 | H6: -3386050 | I6: -2379883 | J6: -1502338 | K6: -695298 | L6: -2464526 | M6: -1303916 | N6: -818334.92 | O6: -581666.74
B7: Gross financial margin | C7: 1927819 | D7: 5928054 | E7: 3976455 | F7: 2410014 | G7: 1105604 | H7: 3355694 | I7: 2278772 | J7: 1424387 | K7: 700360 | L7: 2286826 | M7: 1741464 | N7: 1392005.4 | O7: 872262.3
B8: Loan loss provisions | C8: -342593 | D8: -1057637 | E8: -740963 | F8: -479583 | G8: -183646 | H8: -543844 | I8: -355994 | J8: -257474 | K8: -130901 | L8: -356509 | M8: -350535 | N8: -209797.99 | O8: -99079.068
B9: Services fee income | C9: 1094456 | D9: 3527516 | E9: 2496924 | F9: 1586527 | G9: 773465 | H9: 2835708 | I9: 1991297 | J9: 1257560 | K9: 592519 | L9: 2162820 | M9: 1765659 | N9: 1289651.3 | O9: 860847.08
B10: Services fee expenses | C10: -337432 | D10: -1080660 | E10: -767600 | F10: -492626 | G10: -234909 | H10: -778492 | I10: -548126 | J10: -348200 | K10: -160579 | L10: -610341 | M10: -421587 | N10: -254675.12 | O10: -161361.59
B11: Income from insurance activities | C11: 109984 | D11: 606143 | E11: 476245 | F11: 282280 | G11: 117923 | H11: 175947 | I11: 113937 | J11: 71806 | K11: 34887 | L11: 8513 | M11: 0 | N11: 0 | O11: 0
B12: Administrative expenses | C12: -1886141 | D12: -6060281 | E12: -4254524 | F12: -2758246 | G12: -1299587 | H12: -4261402 | I12: -3065154 | J12: -2006428 | K12: -925285 | L12: -3013842 | M12: -2287201 | N12: -1807734 | O12: -1273032.4
B13: Income from financial transactions | C13: 566093 | D13: 1863135 | E13: 1186537 | F13: 548366 | G13: 278850 | H13: 783611 | I13: 414732 | J13: 141651 | K13: 111001 | L13: 477467 | M13: 447800 | N13: 409449.56 | O13: 199636.31
B14: Miscellaneous income | C14: 75272 | D14: 429884 | E14: 279447 | F14: 182101 | G14: 73887 | H14: 367165 | I14: 215387 | J14: 115173 | K14: 50211 | L14: 190005 | M14: 129245 | N14: 72517.21 | O14: 54182.165
B15: Miscellaneous losses | C15: -70121 | D15: -458946 | E15: -308773 | F15: -205309 | G15: -109191 | H15: -213427 | I15: -156317 | J15: -86760 | K15: -40074 | L15: -91761 | M15: -95734 | N15: -71086.277 | O15: -61295.023
B16: Non‑controlling interests result | C16: -4331 | D16: -22166 | E16: -14608 | F16: -6889 | G16: -4049 | H16: -16079 | I16: -9585 | J16: -4209 | K16: -2458 | L16: -13707 | M16: -10556 | N16: -9565.6297 | O16: -5244.2567
... B19: Net income | C19: 381152 | D19: 1311304 | E19: 779044 | F19: 342598 | G19: 174676 | H19: 674109 | I19: 313983 | J19: 120915 | K19: 84543 | L19: 362920 | M19: 372990 | N19: 326205.33 | O19: 143592.91
B22: Quarter | C22: Net Income by Q | D22: Net Income by Q/Total Net Income
B23: 1Q15 | C23: 84.543 | D23: =+C23/($H$19/1000) -> 0.12541444
B24: 2Q15 | C24: 36.372 | D24: =+C24/($H$19/1000) -> 0.053955666
B25: 3Q15 | C25: 193.068 | D25: =+C25/($H$19/1000) -> 0.28640472
B26: 4Q15 | C26: 360.126 | D26: =+C26/($H$19/1000) -> 0.53422518
B27: 1Q16 | C27: 174.676 | D27: =+C27/($D$19/1000) -> 0.13320786
B28: 2Q16 | C28: 167.922 | D28: =+C28/($D$19/1000) -> 0.12805726
B29: 3Q16 | C29: 436.446 | D29: =+C29/($D$19/1000) -> 0.33283358
B30: 4Q16 | C30: 532.26 | D30: =+C30/($D$19/1000) -> 0.4059013
B31: 1Q17 | C31: 381.878

Sheet resultado ajustado BS
B1: 2Q16 | C1: 4Q16 | D1: 1Q17 | E1: Variación QoQ | G1: 2Q17 | H1: Variación QoQ | I1: Variación YoY | J1: 3Q17 | K1: 4Q17 | L1: Variación YoY
A2: Margen | C2: =+'Cons. Income St'!G7 -> 2552.684 | G2: =+'INFO BS'!D6 -> 0 | K2: =+'Cons. Income St'!C7 -> 2023.15 | L2: =+J2/G2-1 -> #DIV/0!
A3: Net Income | C3: =+'Cons. Income St'!#REF! -> #REF! | G3: =+'INFO BS'!D11 -> 0 | K3: =+'Cons. Income St'!#REF! -> #REF! | L3: =+K3/C3-1 -> #REF!
A6: Impacto Real Estate en Margen | C6: 128.1
A7: Impacto Real Estate en Net Income | C7: 92.4
A9: Impacto Bono en Margen
A10: Impacto Bono en Net Income
A12: Impacto Venta Inmueble en Net Income (se computa directo en Net Income, se considera venta y reemplazo y no paga income tax) | G12: 60
A13: Impacto Venta Viñas del Monte en Net Income (neto de income tax) | G13: =20.5*0.65 -> 13.325
A16: Margen Ajustado | C16: =+C2-C6 -> 2424.584 | G16: =+G2 -> 0 | K16: =+K2 -> 2023.15 | L16: =+K16/C16-1 -> -0.1655682
A17: Net Income Ajustado | C17: =+C3-C7 -> #REF! | G17: =+G3-G12-G13 -> -73.325 | K17: =+K3 -> #REF! | L17: =+K17/C17-1 -> #REF!
A19: Impacto Aporte SGR (se deduce el 35% de Income tax) en Net Income | G19: =110*0.35 -> 38.5

Sheet resultado ajustado
B1: 2Q16 | C1: 4Q16 | D1: 1Q17 | E1: Variación QoQ | G1: 2Q17 | H1: Variación QoQ | I1: Variación YoY | J1: 3Q17 | K1: Variación QoQ
A2: Margen | B2: =+'Cons. Income St'!#REF! -> #REF! | C2: =+'Cons. Income St'!F7 -> 2818.105 | D2: =+'Cons. Income St'!E7 -> 2898.235 | E2: =+D2/C2-1 -> 0.028434001 | G2: =+'Cons. Income St'!D7 -> 2722.878 | H2: =+G2/D2-1 -> -0.060504755 | I2: =+G2/B2-1 -> #REF! | J2: =+'Cons. Income St'!C7 -> 2023.15
A3: Net Income | B3: =+'Cons. Income St'!#REF! -> #REF! | C3: =+'Cons. Income St'!#REF! -> #REF! | D3: =+'Cons. Income St'!#REF! -> #REF! | E3: =+D3/C3-1 -> #REF! | G3: =+'Cons. Income St'!#REF! -> #REF! | H3: =+G3/D3-1 -> #REF! | I3: =+G3/B3-1 -> #REF! | J3: =+'Cons. Income St'!#REF! -> #REF!
A6: Impacto Real Estate en Margen | C6: =137.7-9.6 -> 128.1
A7: Impacto Real Estate en Net Income | C7: =+C6-35.7 -> 92.4
A9: Impacto Bono en Margen | D9: 50
A10: Impacto Bono en Net Income | D10: =+D9*0.65 -> 32.5
A12: Impacto Venta Inmueble en Net Income (se computa directo en Net Income, se considera venta y reemplazo y no paga income tax) | G12: 60
A13: Impacto Venta Viñas del Monte en Net Income (neto de income tax) | G13: =20.5*0.65 -> 13.325
A16: Margen Ajustado | C16: =+C2-C6 -> 2690.005 | D16: =+D2+D9 -> 2948.235 | E16: =+D16/C16-1 -> 0.095996104 | G16: =+G2 -> 2722.878 | H16: =+G16/D16-1 -> -0.076437937 | J16: =+J2 -> 2023.15 | K16: =+J16/C16-1 -> -0.24790103
A17: Net Income Ajustado | C17: =+C3-C7 -> #REF! | D17: =+D3+D10 -> #REF! | E17: =+D17/C17-1 -> #REF! | G17: =+G3-G12-G13 -> #REF! | H17: =+G17/D17-1 -> #REF! | I17: =+G17/B3-1 -> #REF! | J17: =+J3-J12-J13 -> #REF! | K17: =+J17/G17-1 -> #REF!
A19: Impacto Aporte SGR (se deduce el 35% de Income tax) en Net Income | G19: =110*0.35 -> 38.5 | J19: =110*0.35 -> 38.5
